 Dungeon Crawl Stone Soup version 0.20-a0-1074-g6a0a8e1 (console) character file.

15705489 stickyfingers the Portalist (level 27, 184/205 (207) HPs)
             Began as a Human Chaos Knight on Apr 28, 2017.
             Escaped with the Orb
             ... and 15 runes on Apr 29, 2017!
             The game lasted 11:41:09 (99124 turns).

stickyfingers the Portalist (Human Chaos Knight)   Turns: 99124, Time: 11:41:10

HP:   184/205 (207) AC: 43    Str: 27    XL:     27
MP:   38/39         EV: 33    Int: 15    God:    Xom [....*.]
Gold: 504           SH: 13    Dex: 31    Spells: 2/50 levels left

rFire    + + +     SeeInvis +   a - +9 eveningstar (freeze)
rCold    + + +     Gourm    .   Q - +4 buckler "Umeifu" {Str+5}
rNeg     + + .     Faith    .   f - +8 pearl dragon scales of Moral Flaws {rF+ rN+ rCorr Slay+2}
rPois    +         Spirit   .   y - +2 hat
rElec    .         Reflect  .   j - +2 cloak of Weyzxuc {Dex+4}
rCorr    +         Harm     .   E - +1 pair of gloves "Buk Nygeal" {rF+ rC+}
MR       +++++     Clarity  +   V - +3 pair of boots of Creativity {rF+ rC+ Dex+4}
Stlth    +++.......             R - amulet of the Four Winds {rN+ MR+++ Clar}
Regen    0.0/turn               W - +2 ring of slaying
MPRegen  0.3/turn               A - ring "Dowued" {rPois Str+3 Dex+6 SInv, =R}

@: mildly poisoned (184 -> 174), very slightly contaminated, non-regenerating,
badly diseased, deflect missiles
A: claws 1, horns 1, thin skeletal structure 1, berserk 1, blurry vision 2,
clumsy 1, cold resistance 2, frail 1, screaming 1, shaggy fur 1, subdued magic
1, MP-powered wands, sturdy frame 1
0: Orb of Zot
}: 15/15 runes: barnacled, slimy, silver, golden, iron, obsidian, icy, bone,
abyssal, demonic, glowing, magical, fiery, dark, gossamer
a: Renounce Religion


You escaped.
You worshipped Xom.
You were a beloved toy of Xom.
You were very hungry.

You visited 17 branches of the dungeon, and saw 87 of its levels.
You visited Pandemonium 3 times, and saw 24 of its levels.
You visited the Abyss 5 times.
You visited 1 bazaar.
You also visited: Trove, Sewer and Ice Cave.

You collected 14204 gold pieces.
You spent 13700 gold pieces at shops.

Inventory:

Hand Weapons
 a - a +9 eveningstar of freezing (weapon)
   (You subdued it on level 2 of the Elven Halls)
 d - a +3 antimagic demon whip
   (You took it off a balrug in Pandemonium)
Missiles
 s - 1758 stones (quivered)
 L - 11 throwing nets
Armour
 f - the +8 pearl dragon scales of Moral Flaws (worn) {rF+ rN+ rCorr Slay+2}
   (You bought it in a shop on level 12 of the Dungeon)

   It affects your accuracy and damage with ranged weapons and melee attacks
   (+2).
   It protects you from fire.
   It protects you from negative energy.
   It protects you from acid and corrosion.
 j - the +2 cloak of Weyzxuc (worn) {Dex+4}
   (You bought it in a shop on level 2 of the Vaults)

   It affects your dexterity (+4).
 y - a +2 hat (worn)
   (You acquired it on level 11 of the Dungeon)
 E - the +1 pair of gloves "Buk Nygeal" (worn) {rF+ rC+}
   (You acquired it on level 11 of the Dungeon)

   It protects you from fire.
   It protects you from cold.
 Q - the +4 buckler "Umeifu" (worn) {Str+5}
   (You found it on level 1 of the Vaults)

   It affects your strength (+5).
 T - a +2 pair of boots of running
   (You found it in an ice cave)
 V - the +3 pair of boots of Creativity (worn) {rF+ rC+ Dex+4}
   (You found it on level 4 of the Realm of Zot)

   It affects your dexterity (+4).
   It protects you from fire.
   It protects you from cold.
Magical Staves
 v - an uncursed staff of energy {!a}
   (You found it on level 3 of the Elven Halls)
 z - an uncursed staff of wizardry {!a}
   (You found it on level 3 of the Elven Halls)
Jewellery
 A - the ring "Dowued" (right hand) {rPois Str+3 Dex+6 SInv, =R}
   (You found it on level 4 of the Shoals)

   [ring of poison resistance]

   It affects your strength (+3).
   It affects your dexterity (+6).
   It protects you from poison.
   It lets you see invisible.
 F - the amulet "Duirchosu" {+Inv rPois rC+ Regen+ Str+3}
   (You found it on level 6 of the Lair of Beasts)

   [amulet of regeneration]

   It affects your strength (+3).
   It protects you from cold.
   It protects you from poison.
   It lets you turn invisible.
   It increases your rate of regeneration.
 R - the amulet of the Four Winds (around neck) {rN+ MR+++ Clar}
   (You took it off a deep elf mage on level 3 of the Elven Halls)

   [amulet of nothing]

   It protects you from negative energy.
   It affects your resistance to hostile enchantments.
   It protects you against confusion.
 W - a +2 ring of slaying (left hand)
   (You found it on level 2 of the Spider Nest)
Wands
 c - a wand of acid (6/15)
   (You found it on level 12 of the Dungeon)
 q - a wand of acid (10/15)
   (You found it on level 3 of the Vaults)
 N - a wand of digging (2/24)
   (You found it on level 2 of the Abyss)
 P - a wand of paralysis (14/24)
   (You found it in an ice cave)
Scrolls
 g - 13 scrolls of identify
 m - 12 scrolls of recharging
 n - 3 scrolls of silence
 p - 23 scrolls of teleportation
 x - 2 scrolls of summoning
 B - 8 scrolls of fog
 D - 21 scrolls of remove curse
 G - a scroll of magic mapping
 M - 6 scrolls of blinking
 O - 15 scrolls of fear
 Y - 4 scrolls of holy word
Potions
 e - 3 potions of ambrosia
 k - 3 potions of resistance
 u - 6 potions of haste
 w - 2 potions of magic
 C - 13 potions of brilliance
 J - 6 potions of might
 K - 17 potions of curing
 S - 5 potions of agility
 U - a potion of berserk rage
 Z - 4 potions of cancellation
Miscellaneous
 h - 7 boxes of beasts
 l - a lightning rod (4/4)
   (You found it on level 3 of the Shoals)
 o - a lamp of fire
   (Xom gifted it to you on level 1 of the Vaults)
 r - 4 phantom mirrors
 t - a phial of floods
   (You found it on level 12 of the Dungeon)
 H - 4 sacks of spiders
 I - the horn of Geryon
   (You took it off Geryon in the Vestibule of Hell)
Comestibles
 b - 45 meat rations
 X - a bread ration


   Skills:
 - Level 22.0 Fighting
 - Level 16.1 Maces & Flails
 - Level 22.0 Armour
 - Level 22.0 Dodging
 - Level 20.7 Stealth
 * Level 10.2 Shields
 - Level 12.0 Spellcasting
 - Level 4.2 Hexes
 - Level 9.0 Charms
 - Level 12.1 Summonings
 - Level 7.0 Necromancy
 - Level 23.0 Translocations
 - Level 4.0 Transmutations
 - Level 13.5 Air Magic
 - Level 10.0 Earth Magic
 - Level 20.0 Evocations


You had 2 spell levels left.
You knew the following spells:

 Your Spells              Type           Power        Failure   Level  Hunger
a - Apportation           Tloc           ######       0%          1    None
b - Spectral Weapon       Hex/Chrm       ###.....     1%          3    None
g - Shroud of Golubria    Chrm/Tloc      #####.....   0%          2    None
r - Regeneration          Chrm/Necr      ####......   1%          3    None
s - Malign Gateway        Summ/Tloc      #####.....   5%          7    #######
t - Passwall              Tmut/Erth      ###.......   1%          2    None
u - Lesser Beckoning      Tloc           ######....   0%          3    None
z - Lee's Rapid Deconstr  Erth           ####......   3%          5    #####..
A - Animate Skeleton      Necr           N/A          1%          1    None
B - Blink                 Tloc           N/A          0%          2    None
C - Controlled Blink      Tloc           N/A          4%          8    #######
F - Summon Butterflies    Summ           ####....     1%          1    None
M - Deflect Missiles      Chrm/Air       ####......   13%         6    ######.
R - Corpse Rot            Necr           N/A          1%          2    None
S - Swiftness             Chrm/Air       ####....     1%          2    None


Dungeon Overview and Level Annotations

Branches:
Dungeon (15/15)            Temple (0/1) D:7            Lair (6/6) D:11
 Shoals (4/4)              Spider (4/4) Lair:4        Slime (5/5) Lair:5
    Orc (2/2) D:10            Elf (3/3) Orc:2        Vaults (5/5) D:14
  Crypt (3/3) Vaults:3       Tomb (3/3) Crypt:3      Depths (5/5) D:15
   Hell (1/1)                 Dis (7/7) Hell            Geh (7/7) Hell
    Coc (7/7) Hell            Tar (7/7) Hell            Zot (5/5) Depths:5

Altars:
Cheibriados
Gozag
Hepliaklqana
Kikubaaqudgha
Makhleb
Okawaru
Ru
Sif Muna
Uskayaw
Vehumet
Wu Jian
Xom
Yredelemnul
Zin
Beogh
Jiyva

Shops:
D:5 }   D:12 [   D:14 %   Orc:2 *?*   Vaults:1 %   Vaults:2 [[(   Vaults:3 !
Vaults:4 }((*   Vaults:5 (}}:   Depths:1 [[}

Portals:
Hell: Depths:1 Depths:2 Depths:3 Depths:4 Depths:5
Abyss: Depths:1 Depths:4
Pandemonium: Depths:1 Depths:3
Ziggurat: Depths:2

Annotations:
D:6 1 runed door
D:10 VOLK64's ghost, novice TrMo
Tomb:1 1 exclusion
Tomb:3 exclusions: mummy priest and upstairs
Dis:7 exclusions: Brimstone Fiend, Ice Fiend and iron giant, Serpent of
Hell
Geh:7 Asmodeus
Coc:7 Antaeus
Tar:6 exclusion: hellion
Zot:5 exclusion: obsidian statue


Innate Abilities, Weirdness & Mutations

You have sharp fingernails.
You have a pair of small horns on your head.
You have a somewhat thin skeletal structure. (Dex +2, Stealth)
You tend to lose your temper in combat.
Scrolls take you longer to read.
You are clumsy. (Dex -2)
Your flesh is very cold resistant. (rC++)
You are frail. (-10% HP)
You occasionally shout uncontrollably at your foes.
You are covered in fur. (AC +1)
Your spells are a little easier to cast, but a little less powerful.
You expend magic power (3 MP) to strengthen your wands.
Your movements are slightly less encumbered by armour. (ER -2)


Message History

Aiming: Dig
Press: ? - help, Shift-Dir - straight line The rock shatters into small pieces.
This wand has 5 charges left.
Evoke which item? (* to show all) (? for menu, Esc to quit)
Aiming: Dig
Press: ? - help, Shift-Dir - straight line The rock shatters into small pieces.
This wand has 4 charges left.
Casting: Lee's Rapid Deconstruction
Confirm with . or Enter, or press ? or * to list all spells.
Which direction?
HP restored.
You begin to meditate on the wall.
You continue meditating on the rock. x2
You finish merging with the rock.
You climb upwards.
There is a stone staircase leading down here.
A soul eater comes into view.
The soul eater draws from the surrounding life force!
The soul eater draws from the surrounding life force!
There is a sacrificial altar of Ru here.
Casting: Passwall
Confirm with . or Enter, or press ? or * to list all spells.
Which direction?
You begin to meditate on the wall.
You continue meditating on the rock.
You block the soul eater's attack.
You continue meditating on the rock.
The soul eater closely misses you.
You finish merging with the rock.
There is a stone staircase leading up here.
You climb upwards.
Level annotation: 1 runed door
There is a stone staircase leading down here.
Unknown command.
You are a level 27 Human Chaos Knight.
I'm sorry, level 27 is as high as you can go.
With the way you've been playing, I'm surprised you got this far.
Play time: 11:39:44 (99005 turns) Unknown command.
Unknown command.
There is a stone staircase leading up here.
You climb upwards.
There is a stone staircase leading down here.
A red devil comes into view. It is wielding a trident.
A worker ant comes into view.
The sixfirhy completely misses you.
You shout at the sixfirhy!
A sixfirhy comes into view.
The worker ant twitches its antennae in your direction.
You flatten the sixfirhy like a pancake!!!
You freeze the sixfirhy.
You kill the sixfirhy!
An iron imp comes into view.
You block the red devil's attack.
The red devil hits you but does no damage.
The iron imp misses you.
The worker ant waves its antennae.
The iron imp closely misses you.
There is a stone staircase leading up here.
You climb upwards.
There is a stone staircase leading down here.
There is a stone staircase leading up here.
You climb upwards.
There is a stone staircase leading down here.
Unknown command.
Unknown command.
You climb downwards.
There is a stone staircase leading up here.
There is an open door here.
You are feeling very hungry.
There is a stone staircase leading up here.
You climb upwards.
An Orb Guardian comes into view.
There is a stone staircase leading down here.
There is a stone staircase leading up here.
You climb upwards.
There is a stone staircase leading down here.
Evoke which item? (* to show all) (? for menu, Esc to quit)
Aiming: Dig
Press: ? - help, Shift-Dir - straight line The rock shatters into small pieces.
This wand has 3 charges left.
There is a stone staircase leading up here.
You climb upwards.
There is a stone staircase leading down here.
Evoke which item? (* to show all) (? for menu, Esc to quit)
Aiming: Dig
Press: ? - help, Shift-Dir - straight line The rock shatters into small pieces.
This wand has 2 charges left.
You are engulfed in dark miasma.
You enter the shallow water.
Moving in this stuff is going to be slow.
Really walk into a travel-excluded area?
You are engulfed in dark miasma.
You are poisoned.
You feel your flesh rotting away!
You feel ill.
You feel sick.
You are engulfed in dark miasma.
You feel sick.
You feel sick.
There is a staircase leading out of the dungeon here.
You are engulfed in dark miasma.
You feel your flesh rotting away!
You feel ill.
You feel sick.
You have escaped!

.#.###.#....# #..#.......#
.#.##.......# #....#.....#
.#.##.......# #......#...#
.#[##.....###########......#
##.##...#.##≈§≈§≈≈§§##.##..#
##.##...#.#≈≈§§≈§§§§§#.....#
........#.#≈≈#§§§§#§§#.###.#
....###.).#≈§§≈§§§≈§≈..#...#
....# ###.#≈≈≈§§≈≈§≈≈#.#.###
....# #.#########.##.#.#
....#####..'....@.§§.#.#.#####
....##....#######§####.#.....#
....##.##.#§§§≈§§§§§≈#.#####.#
....##.#..#§≈§§≈§§§§≈#.# #.#
....##.##.#§§#≈§§≈#§§#.# #.#
######.##.#≈≈§§§§§§§≈#.# #.#
.........)##§§§§§≈≈§##.#####.#
...........##########......÷.#
.........#..##........########
..........#.##.######.#
..........#.##)# #.#####


There were no monsters in sight!

Vanquished Creatures
  Cerebov (Pan)
  the Royal Jelly (Slime:5)
  Ereshkigal (Tar:7)
  Gloorx Vloq (Pan)
  Dissolution (Slime:1)
  Lom Lobon (Pan)
  Mnoleg (Pan)
  3 orbs of fire (Zot:5)
  8 ancient liches (Vaults:5 Tar:7 Zot:5)
  Mennas (Crypt:2)
  5 greater mummies (Tomb:1)
  Frederick (Vaults:4)
  4 shard shrikes (Coc:2 Coc:7)
  Xtahua (Vaults:4)
  3 curse toes (Zot:5)
  6 caustic shrikes (Depths:2 Depths:3)
  Geryon (Hell)
  A Killer Klown (Zot:5)
  6 golden dragons (Depths:5 Vaults:5 Zot:5)
  Jory (Vaults:4)
  2 profane servitors (Depths:5 Pan)
  2 bone dragons (Depths:5 Coc:7)
  5 doom hounds (Tar:7)
  14 Tzitzimimeh (Tar:1 Tar:6 Tar:7 Dis:1)
  12 Brimstone Fiends (IceCv Pan Hell Geh:4 Geh:7)
  2 iron giants (Dis:7)
  Arachne (Spider:2)
  3 electric golems (Zot:2 Zot:5)
  Jorgrun (Elf:2)
  5 Hell Sentinels (Pan Dis:7)
  A hellephant (Zot:1)
  17 Orb Guardians (Zot:5 Depths:5 D:15)
  4 liches (Vaults:2 Depths:2 Pan Tar:7)
  Rupert (Lair:6)
  8 tentacled monstrosities (Depths:2 Vaults:5 Pan Zot:1 Zot:2)
  15 Ice Fiends (Tar:7 Coc:3 Coc:4 Coc:7)
  4 quicksilver dragons (Vaults:5 Dis:1 Dis:7)
  2 deep elf master archers (Elf:3)
  2 titans (Depths:2 Vaults:5)
  A deep elf blademaster (Elf:3)
  Frances (Shoals:2)
  12 Executioners (Pan)
  2 tentacled starspawn (Abyss:2 Abyss:5)
  2 death cobs (Zot:3 Zot:5)
  13 acid blobs (Slime:1 Slime:2 Slime:3 Slime:4 Slime:5)
  17 sphinxes (Vaults:4 Depths:2 Depths:4 Depths:5 Vaults:5)
  A storm dragon (shapeshifter) (Vaults:1)
  Agnes (Spider:1)
  A kraken (Shoals:1)
  7 ancient champions (Crypt:1 Crypt:3 Tomb:1 Tomb:2)
  7 tengu reavers (Depths:2 Depths:4 Vaults:5)
  8 shadow dragons (Hell Depths:2 Vaults:5 Tar:7 Zot:2)
  Ilsuiw (Shoals:4)
  14 azure jellies (Slime:1 Slime:2 Slime:3 Slime:5)
  7 revenants (Crypt:2 Crypt:3 Abyss:1 Tomb:1)
  10 storm dragons (Spider:4 Depths:3 Depths:5 Vaults:5 Zot:4)
  13 fire giants (Vaults:4 Depths:1 Depths:2 Depths:3 Depths:4)
  3 blood saints (Pan)
  5 iron dragons (Depths:3 Vaults:5 Dis:7)
  14 cacodemons (Hell Pan Dis:7)
  18 vault wardens (Vaults:1 Vaults:2 Vaults:3 Vaults:4 Vaults:5)
  3 draconian knights (Depths:5 Zot:3 Zot:5)
  4 ghost moths (Spider:4 Crypt:3)
  A daeva (Abyss:5)
  6 deep elf sorcerers (Vaults:2 Elf:1 Elf:3 Vaults:5)
  4 emperor scorpions (Spider:1 Spider:2 Spider:4)
  35 balrugs (Hell Pan Geh:2 Geh:7 Dis:1)
  2 draconian scorchers (Zot:2 Zot:5)
  6 warmongers (Pan)
  14 frost giants (Depths:2 Depths:3 Depths:4 Vaults:5 Coc:7)
  3 draconian shifters (Depths:5 Zot:5)
  3 spriggan defenders (Depths:1 Depths:5)
  7 deep elf elementalists (Elf:2 Elf:3)
  4 curse skulls (Crypt:3 Crypt:1 Pan)
  19 ironheart preservers (Vaults:2 Vaults:3 Vaults:4 Vaults:5)
  2 draconian stormcallers (Zot:2 Zot:5)
  13 war gargoyles (Vaults:3 Vaults:5 Dis:7)
  3 elemental wellsprings (Coc:5 Coc:7)
  24 ghouls (Crypt:1 Crypt:2 Crypt:3 Tar:7)
  5 draconian annihilators (Pan Abyss:5 Zot:5)
  32 reapers (Hell Pan Tar:7 Coc:7 Geh:5)
  21 stone giants (D:12 Vaults:2 Vaults:4 Depths:1 Depths:2)
  22 very ugly things (Vaults:2 Vaults:3 Depths:3 Vaults:5 Depths:1)
  4 vampire knights (Crypt:1 Depths:1 Depths:5 Tar:7)
  2 bennus (Tomb:1)
  3 corrupters (Pan)
  10 deep elf demonologists (Elf:1 Elf:3 Depths:1 Vaults:5)
  4 green draconians (Depths:5 Zot:2 Zot:5)
  Nessos (D:14)
  4 entropy weavers (Spider:1 Spider:4 Vaults:4 D:12)
  2 spectral titans (Crypt:3)
  2 black draconians (Depths:5 Zot:5)
  A dire elephant (Slime:5)
  8 spark wasps (Spider:4 Spider:2 Depths:1 Depths:2 Depths:5)
  10 deep elf annihilators (Elf:1 Elf:3 Depths:3 Vaults:5)
  10 black suns (Pan)
  6 yellow draconians (Depths:5 Zot:1 Zot:2 Zot:5)
  3 purple draconians (Depths:5)
  8 lorocyprocas (Pan Dis:7)
  4 white draconians (Depths:5 Zot:1 Zot:2)
  4 red draconians (Zot:3 Zot:4 Zot:5)
  6 merfolk javelineers (Shoals:1 Shoals:4 Depths:1)
  9 green deaths (Pan Tar:7)
  10 eidola (Crypt:3 Crypt:1)
  15 ettins (D:10 Elf:2 Vaults:3 Vaults:4 Depths:1)
  10 mummy priests (Tomb:1 Tomb:2 Tomb:3)
  3 quicksilver dragon zombies (Tar:7 Geh:4 Dis:1)
  22 blizzard demons (Hell Pan Coc:2 Coc:4 Coc:7)
  7 deep elf death magi (Crypt:3 Elf:3 Vaults:5)
  5 merfolk impalers (Shoals:1 Shoals:3 Shoals:4)
  2 death oozes (Slime:5)
  2 pearl dragon zombies (Depths:5)
  A crystal guardian (Vaults:3)
  12 fire dragons (Shoals:1 Vaults:2 Vaults:1 Vaults:3 Vaults:4)
  2 jiangshi (Crypt:2)
  23 yaktaur captains (Vaults:2 Vaults:1 Vaults:3 Vaults:4 Depths:2)
  2 spectral golden dragons (Crypt:3)
  6 deep elf high priests (Elf:3)
  2 spectral quicksilver dragons (Crypt:3)
  Fannar (D:10)
  A ghost crab (Abyss:5)
  Erolcha (D:9)
  36 vault guards (Vaults:1 Vaults:4 Depths:4 Vaults:5)
  16 ogre magi (Orc:2 Orc:1 Vaults:2 Vaults:1 Vaults:3)
  6 rakshasas (Vaults:3 Abyss:2 Depths:1 Depths:2 Abyss:1)
  A quicksilver dragon skeleton (Pan)
  15 great orbs of eyes (Vaults:2 Vaults:3 Depths:1 Depths:2 Depths:3)
  2 monstrous demonspawn (Pan)
  2 spectral shadow dragons (Crypt:3)
  Harold (D:11)
  18 ice dragons (Vaults:2 Vaults:3 Vaults:4 Depths:2 Depths:5)
  7 hydras (D:9 Lair:6 D:12 D:10 D:11)
  An anaconda (Spider:3)
  2 merfolk avatars (Shoals:1 Shoals:4)
  13 centaur warriors (D:12 D:14 D:15 Vaults:1 Vaults:2)
  2 hell beasts (Pan Dis:7)
  A spriggan air mage (Depths:2)
  A spectral stone giant (Crypt:3)
  A spectral fire giant (Crypt:3)
  59 two-headed ogres (D:9 D:12 Orc:2 Orc:1 D:13)
  3 catoblepae (Lair:6 D:13 D:14)
  4 merfolk aquamancers (Lair:2 Shoals:3 Shoals:4)
  9 hell hogs (Hell Depths:5)
  4 death scarabs (Tomb:1)
  An alligator (shapeshifter) (Vaults:3)
  9 deep troll shamans (Lair:6 Vaults:2 Vaults:3 Depths:1 Depths:2)
  22 dancing weapons (Elf:1 Elf:2 Elf:3)
  4 death knights (Crypt:2 Crypt:3 Depths:5)
  13 deep troll earth magi (Vaults:2 Vaults:3 Vaults:4 Depths:1 Depths:2)
  5 death yaks (Lair:6)
  2 alligator snapping turtles (Shoals:2 Shoals:4)
  4 satyrs (Shoals:1 Shoals:4)
  4 vampire magi (Depths:4 Depths:5 Tar:7)
  An alligator (D:14)
  An orc high priest (Orc:1)
  5 tengu warriors (D:15 Depths:1 Depths:2 Depths:4)
  10 thrashing horrors (Abyss:2 Abyss:3 Abyss:5)
  3 titan zombies (Geh:7 Dis:1 Dis:5)
  Urug (D:14)
  13 hell knights (Vaults:4 Hell Geh:2 Geh:3)
  6 iron golems (Dis:1 Dis:7)
  3 spectral storm dragons (Crypt:3)
  5 spriggan berserkers (Depths:2 Depths:4 Depths:5)
  34 soul eaters (Vaults:3 Crypt:2 Crypt:3 Hell Pan)
  51 sun demons (Hell Pan Tar:7 Geh:2 Geh:7)
  A storm dragon zombie (Geh:5)
  A shock serpent (shapeshifter) (Depths:3)
  18 deep elf knights (Vaults:2 Elf:1 Elf:2 Elf:3)
  A spectral catoblepas (Crypt:2)
  5 wretched stars (Abyss:2 Abyss:3 Abyss:5)
  12 shadow wraiths (Vaults:2 Crypt:2 Crypt:3 Hell Pan)
  A fire crab (shapeshifter) (Depths:2)
  14 iron trolls (Depths:2 Dis:1 Dis:7)
  6 titan skeletons (Pan Tar:7 Geh:7)
  27 sixfirhies (Hell Pan D:5)
  3 spatial maelstroms (Abyss:2)
  65 skeletal warriors (Crypt:3 Crypt:1 Hell Tar:6 Tar:7)
  A spectral anaconda (Crypt:3)
  A golden dragon zombie (Tar:7)
  13 unseen horrors (D:11 D:14 D:15 Pan Abyss:3)
  A storm dragon skeleton (Tar:7)
  A swamp dragon (shapeshifter) (Depths:1)
  A deep troll (shapeshifter) (Elf:2)
  32 deep trolls (Vaults:2 Vaults:3 Vaults:4 Depths:2 Depths:3)
  A sea snake (shapeshifter) (Depths:2)
  4 anaconda zombies (Tar:7 Coc:7 Geh:2)
  2 infernal demonspawn (Pan)
  A ghost moth zombie (Coc:7)
  6 gelid demonspawn (Pan)
  6 shadow demons (Pan Tar:6 Tar:7)
  6 sea snakes (Lair:2 Shoals:2 Shoals:3 Shoals:4)
  15 flayed ghosts (Vaults:3 Crypt:2 Crypt:3 Depths:4 Tar:7)
  5 torturous demonspawn (Pan)
  A spectral hydra (Crypt:3)
  A kraken simulacrum (Coc:7)
  9 glowing orange brains (Vaults:4 Depths:1 Depths:2 Depths:3 Depths:5)
  15 harpies (Shoals:4 Vaults:2 Vaults:3)
  14 deep elf archers (Elf:1 Elf:2 Vaults:3 Elf:3)
  2 spectral wolf spiders (Crypt:3)
  11 orc knights (Orc:2 Vaults:3 Vaults:4 Vaults:5)
  18 ironbrand convokers (Vaults:1 Vaults:2 Vaults:3 Vaults:4 Vaults:5)
  22 phantasmal warriors (Vaults:3 Crypt:3 Crypt:2 Crypt:1 Depths:5)
  19 orb spiders (Spider:1 Spider:2 Spider:4 Spider:3)
  5 golden dragon skeletons (Hell Tar:7 Coc:7 Geh:7)
  A lindwurm (Lair:6)
  9 wizards (D:12 D:15 Vaults:2 Vaults:3 Depths:2)
  4 anaconda skeletons (Hell Geh:1 Geh:7)
  2 stone giant zombies (Tar:7 Dis:1)
  3 iron dragon zombies (Hell Dis:1 Dis:7)
  7 necromancers (D:15 Crypt:2 Vaults:4 Hell Depths:2)
  A spectral alligator (Crypt:3)
  3 shining eyes (Slime:4 Slime:5 Pan)
  32 wolf spiders (Spider:1 Spider:2 Spider:3 Spider:4 Vaults:1)
  2 wolf spider zombies (Crypt:1 Dis:7)
  64 deep elf magi (D:15 Vaults:2 Elf:1 Orc:2 Elf:2)
  A spectral ettin (Crypt:3)
  An orb spider (shapeshifter) (Vaults:1)
  2 fire giant zombies (Hell Coc:7)
  A cyclops (shapeshifter) (Depths:5)
  A shining eye (shapeshifter) (Depths:5)
  41 ugly things (D:11 D:12 D:13 D:14 Vaults:2)
  4 orc sorcerers (D:15 Vaults:4 Orc:1 Vaults:5)
  8 manticores (D:12 D:14 Shoals:1 Shoals:2 Shoals:3)
  15 fauns (Shoals:1 Shoals:4 Shoals:3)
  6 moths of wrath (Spider:4 Zot:1 Zot:2 Zot:5)
  A worldbinder (Abyss:2)
  4 iron dragon skeletons (Pan Tar:7 Coc:7)
  4 apis skeletons (Depths:5)
  3 frost giant zombies (Coc:7 Geh:2)
  12 cyclopes (D:12 D:13 Shoals:1 Shoals:2 Shoals:4)
  A shadow dragon skeleton (Pan)
  13 vault sentinels (Vaults:1 Vaults:2 Vaults:3 Vaults:4 Vaults:5)
  13 merfolk sirens (Lair:2 Shoals:1 Shoals:2 Shoals:4 Shoals:3)
  A guardian serpent (Vaults:2)
  6 fire giant skeletons (Tar:7 Coc:7 Geh:1 Geh:2 Geh:5)
  26 rust devils (Geh:2 Dis:1 Dis:4 Dis:5 Dis:7)
  2 apocalypse crabs (Abyss:2 Abyss:5)
  An eye of devastation (Slime:5)
  A naga mage (D:15)
  2 dire elephant zombies (Dis:1 Dis:7)
  6 stone giant skeletons (Hell Tar:7 Geh:1 Geh:7)
  2 frost giant skeletons (Tar:1 Tar:7)
  Maurice (Orc:2)
  9 elephants (Lair:3 Lair:6)
  8 smoke demons (Abyss:2 Pan Abyss:5)
  3 water nymphs (Shoals:2 Shoals:3 Shoals:4)
  5 black mambas (Lair:1 Lair:3 Spider:4)
  An ice statue (IceCv)
  2 torpor snails (Spider:1 Spider:2)
  A shock serpent skeleton (Coc:7)
  2 gargoyles (D:10 D:13)
  5 storm dragon simulacra (Coc:7)
  A death yak zombie (Crypt:2)
  3 titan simulacra (Coc:7)
  7 molten gargoyles (Hell Geh:7)
  22 orange demons (Hell Pan Abyss:5)
  2 emperor scorpion zombies (Hell Dis:5)
  A catoblepas zombie (Dis:5)
  An elephant slug zombie (Crypt:2)
  6 komodo dragons (Lair:1 Lair:2 Lair:5 Lair:6 D:14)
  A sea snake zombie (Crypt:3)
  36 yaktaurs (Vaults:1 Vaults:2 Vaults:3 Vaults:4 Depths:1)
  A black draconian zombie (Crypt:1)
  4 rime drakes (Lair:1 Lair:4 Lair:6)
  A yaktaur (shapeshifter) (Depths:1)
  3 dire elephant skeletons (Hell Tar:7 Geh:4)
  7 centaur skeletons (D:10 D:13 D:14 D:15)
  2 kobold demonologists (D:11)
  A rime drake (shapeshifter) (Elf:3)
  A black draconian skeleton (Crypt:1)
  9 efreet (D:14 Depths:4 Pan)
  12 spiny frogs (Lair:2 Lair:3 Lair:4 Lair:6)
  31 freezing wraiths (IceCv Vaults:3 Crypt:3 Crypt:2 Vaults:4)
  27 demonic crawlers (Spider:1 Spider:2 Spider:3 Spider:4 Pan)
  22 ice devils (IceCv Hell Tar:1 Coc:5 Coc:7)
  8 anaconda simulacra (IceCv Hell Coc:7)
  12 guardian mummies (Vaults:3 Crypt:3 Tomb:1)
  9 hydra zombies (Hell Tar:7 Coc:4 Coc:7 Geh:4)
  17 hellions (Hell Pan Geh:2 Geh:7 Dis:4)
  22 tormentors (Pan Tar:7 Coc:7 Geh:5 Geh:7)
  2 tengu conjurers (D:14 Depths:2)
  3 ancient zymes (Abyss:2 Abyss:5)
  10 hellwings (Abyss:2 Pan)
  32 merfolk (Lair:1 Lair:2 Shoals:1 Shoals:2 Shoals:3)
  8 trolls (D:9 Orc:1 Orc:2 D:13 D:14)
  6 polar bears (Lair:5 Lair:6 D:13 Lair:2)
  31 red devils (Hell Pan Geh:1 Geh:2 Geh:7)
  4 harpy zombies (Geh:7 Dis:7)
  A polar bear (shapeshifter) (Depths:2)
  A golden dragon simulacrum (IceCv)
  8 wind drakes (Lair:3 Shoals:1 Shoals:2 Shoals:3 Shoals:4)
  A queen bee (D:10)
  53 jumping spiders (Orc:2 Spider:1 Spider:2 Spider:3 Spider:4)
  A minotaur zombie (Crypt:2)
  A meliai (shapeshifter) (Elf:3)
  3 hydra skeletons (Tar:7 Coc:7 Dis:1)
  14 blink frogs (Lair:3 Lair:5 Lair:6 D:15)
  A hornet (shapeshifter) (Vaults:4)
  A raiju (Abyss:5)
  12 bog bodies (Crypt:2 Crypt:3 Coc:7)
  A silent spectre (Tar:3)
  A wolf spider simulacrum (IceCv)
  60 slime creatures (Lair:5 Orc:2 D:13 D:14 Vaults:1)
  18 hornets (D:12 D:14 Spider:1 Spider:2 Spider:4)
  3 alligator zombies (Hell Coc:7 Geh:7)
  A spectral swamp dragon (Crypt:3)
  A spectral manticore (Crypt:3)
  4 fire dragon zombies (Geh:5 Dis:3 Dis:5)
  A fire giant simulacrum (Crypt:3)
  20 hippogriffs (D:7 D:11 Lair:1 Lair:2 Lair:4)
  4 snapping turtles (Shoals:1 Shoals:3)
  10 dream sheep (D:9 Lair:2 Shoals:2 Shoals:4 D:13)
  3 ettin zombies (Tar:7 Geh:7 Dis:1)
  53 flying skulls (Tar:6 Tar:7 Coc:3 Coc:4 Coc:7)
  2 ice dragon zombies (Dis:1 Dis:5)
  42 shadows (D:12 D:14 Crypt:3 Tar:2 Tar:7)
  2 alligator skeletons (Hell Tar:7)
  2 ice dragon skeletons (Pan)
  5 centaur simulacra (D:15 IceCv)
  115 redbacks (Spider:1 Spider:2 Lair:4 Spider:3 Spider:4)
  22 starcursed masses (Abyss:2 Abyss:5)
  3 spriggans (Spider:1 Depths:1 Depths:5)
  Sigmund (D:4)
  3 air elementals (Elf:3)
  A fire dragon skeleton (Coc:7)
  3 dire elephant simulacra (IceCv)
  20 ynoxinuls (Abyss:2 Pan)
  21 wraiths (D:11 D:12 D:14 Vaults:1 Crypt:2)
  A yak (shapeshifter) (Depths:1)
  20 large abominations (Abyss:2 Pan Abyss:3)
  17 humans (D:14 Spider:4)
  38 tarantellas (Spider:1 Spider:2 Spider:3 Spider:4)
  32 water elementals (D:13 Lair:2 Shoals:2 Shoals:3 Elf:1)
  A vampire (D:12)
  4 wyverns (Lair:3 Lair:6 D:13 D:14)
  A redback (shapeshifter) (Abyss:5)
  A black mamba skeleton (Crypt:1)
  A hog (shapeshifter) (Elf:1)
  3 ushabtiu (Tomb:3 Tomb:2)
  Eustachio (D:6)
  24 yaks (D:9 D:11 Lair:2 Lair:1 Lair:4)
  16 golden eyes (Slime:3 Slime:2 Slime:5 Pan)
  11 chaos spawn (Pan)
  2 hogs (Spider:4)
  9 basilisks (D:11 Lair:1 Lair:2 Lair:3 Lair:4)
  6 hungry ghosts (D:5 D:11 D:12 D:13 Tar:7)
  13 neqoxecs (Pan)
  23 fire elementals (Elf:1 Elf:2 Elf:3 Hell Geh:4)
  A death yak simulacrum (IceCv)
  2 iron troll simulacra (IceCv)
  9 swamp worms (Spider:2 Vaults:2)
  5 harpy simulacra (IceCv)
  2 insubstantial wisps (Abyss:5)
  A spatial vortex (Abyss:2)
  A vampire mosquito (D:11)
  4 wargs (Orc:1 Vaults:3 Vaults:4)
  Menkaure (D:7)
  A glowing shapeshifter zombie (Crypt:1)
  A merfolk zombie (Tar:7)
  An acid dragon (D:13)
  20 hell hounds (Depths:5 Geh:7 Dis:1 Dis:3 Dis:7)
  A soldier ant (shapeshifter) (Vaults:5)
  A soldier ant (D:13)
  5 spiny frog zombies (Crypt:2 Coc:4 Coc:7 Geh:2)
  Duvessa (D:6)
  11 porcupines (Lair:2 Lair:4 Lair:5 Orc:2 D:13)
  9 hydra simulacra (IceCv Hell Coc:4 Coc:7)
  A spectral troll (Crypt:3)
  18 water moccasins (D:7 Lair:1 Lair:3 Lair:4 Lair:5)
  2 ice beasts (D:5)
  A two-headed ogre skeleton (Crypt:2)
  A swamp drake (D:14)
  31 orc warriors (D:5 D:7 D:9 D:11 D:12)
  A swamp dragon zombie (Dis:4)
  A water nymph skeleton (Crypt:2)
  A deep troll skeleton (Crypt:3)
  3 floating eyes (Depths:2 Pan)
  13 sky beasts (D:4 D:5 D:7 D:9 D:10)
  5 ettin simulacra (IceCv Depths:4)
  5 phantoms (D:8 D:10 D:11 Tar:6)
  13 black bears (D:8 Lair:2 Lair:3 Lair:5 Lair:6)
  A snapping turtle zombie (Dis:3)
  A black bear (shapeshifter) (Depths:2)
  An alligator simulacrum (Hell)
  An elephant zombie (Crypt:3)
  5 eyes of draining (D:15 Slime:1 Slime:4 Slime:5)
  An eye of draining (shapeshifter) (Vaults:3)
  2 fire dragon simulacra (Crypt:3 Coc:7)
  20 necrophages (D:9 Crypt:2 Crypt:1 Crypt:3 Tar:6)
  51 ogres (D:5 D:7 D:9 D:11 Orc:1)
  4 spiny frog skeletons (Hell Tar:7 Coc:7)
  A lindwurm zombie (Crypt:3)
  20 boggarts (Vaults:1 Vaults:3 Depths:1 Depths:2 Vaults:2)
  A manticore skeleton (Tar:7)
  12 wolves (Lair:6 D:13)
  14 crocodiles (Lair:1 Lair:3 Lair:4 Lair:5 Lair:6)
  2 manticore zombies (Hell Dis:4)
  2 snapping turtle skeletons (Crypt:2 Tar:7)
  A swamp dragon skeleton (Pan)
  22 centaurs (D:14 D:15 Shoals:1 Shoals:3 Shoals:4)
  An elf zombie (Tar:7)
  6 big kobolds (D:9 D:14 D:11)
  27 bullfrogs (Sewer D:8 D:9 D:10 Lair:1)
  A gnoll sergeant (D:11)
  A fire crab zombie (Crypt:1)
  A wyvern zombie (D:10)
  A yaktaur skeleton (Crypt:3)
  3 earth elementals (Orc:2 Elf:1)
  5 small abominations (Abyss:2 Abyss:5)
  2 wyvern skeletons (D:9 D:13)
  12 scorpions (D:5 D:7 D:9 D:10 Lair:4)
  Dowan (D:6)
  A swamp dragon simulacrum (Crypt:3)
  A troll zombie (Crypt:2)
  29 killer bees (D:8 D:10 D:9)
  29 wights (D:6 D:5 D:8 D:9 D:11)
  5 howler monkeys (D:7 D:12 D:10)
  4 electric eels (D:13 Spider:2 Elf:3)
  6 centaur zombies (D:9 D:13 D:14 D:15 Coc:7)
  18 crimson imps (D:6 D:7 D:10 D:12 D:13)
  A draconian simulacrum (IceCv)
  2 quasits (D:9 Abyss:3)
  28 orc wizards (D:4 D:5 D:7 D:9 D:11)
  5 human zombies (Crypt:1)
  10 jellies (D:7 D:8 D:9 D:10 Lair:5)
  14 orc priests (D:4 D:7 Orc:1 D:13 D:14)
  2 bullfrog skeletons (Crypt:2 Crypt:3)
  29 iron imps (Dis:1 Dis:3 Dis:5 Dis:7 Depths:3)
  2 human skeletons (Crypt:1 Tar:7)
  Jessica (D:2)
  3 iguanas (D:7 D:9 D:12)
  An iguana (shapeshifter) (Elf:3)
  12 worker ants (D:2 D:4 D:5 D:7 D:8)
  7 hell rats (Hell)
  2 spriggan simulacra (IceCv)
  5 troll simulacra (IceCv)
  A deep dwarf zombie (Crypt:2)
  A big kobold skeleton (Crypt:3)
  2 tengu skeletons (Crypt:3 Geh:7)
  22 mummies (Crypt:1 Vaults:3 Crypt:3 Dis:1 Dis:5)
  Robin (D:2)
  2 worker ant zombies (D:9 D:11)
  5 gnolls (D:11)
  A naga simulacrum (IceCv)
  A steam dragon zombie (Crypt:1)
  18 adders (D:2 D:3 Sewer D:4 D:5)
  2 river rats (D:3 Sewer)
  2 ogre simulacra (IceCv)
  6 shadow imps (D:5 D:9 Abyss:2 Tar:6 Tar:7)
  A steam dragon skeleton (Crypt:1)
  10 white imps (IceCv Coc:1 Coc:3 Coc:7)
  7 ufetubi (IceCv Depths:1)
  2 oozes (Sewer D:5)
  An adder zombie (D:6)
  A lava snake skeleton (Crypt:3)
  A worm (shapeshifter) (Vaults:3)
  17 worms (D:2 D:5 Lair:4 Spider:2)
  6 dart slugs (D:1 D:2 D:3 D:5)
  7 leopard geckos (D:1 D:7 D:9 D:10 D:11)
  67 orcs (D:3 D:4 D:5 D:6 D:7)
  18 giant cockroaches (D:2 D:4 D:5 D:7 Lair:4)
  14 goblins (D:1 D:2 D:3 Vaults:2)
  13 hobgoblins (D:1 D:2 D:3)
  12 jackals (D:5 D:6 D:10 D:11)
  22 kobolds (D:1 D:2 D:3 D:9 D:14)
  2 quokkas (D:12)
  15 ball pythons (D:1 D:2 D:3 Sewer)
  4 bats (D:1 D:2)
  11 frilled lizards (D:1 D:2 Sewer)
  A giant cockroach zombie (D:6)
  A jackal skeleton (Crypt:2)
  A jackal zombie (D:7)
  A kobold skeleton (Tar:1)
  2 kobold zombies (Crypt:2 Geh:7)
  A leopard gecko skeleton (D:5)
  A leopard gecko zombie (D:5)
  An orc skeleton (Tar:7)
  A quokka skeleton (D:9)
  A quokka zombie (Crypt:1)
  38 rats (D:1 D:2 D:3 Sewer)
  2 fungi (Lair:1)
  8 plants (Spider:2 Shoals:1 Shoals:4 Vaults:4)
  A starspawn tentacle (Abyss:2)
  4 tentacles (Shoals:1 Coc:7)
3959 creatures vanquished.

Vanquished Creatures (collateral kills)
  2 golden dragons (Vaults:5 Zot:5)
  A tentacled monstrosity (Vaults:5)
  An Ice Fiend (Coc:7)
  A lich (Tomb:2)
  A titan (Vaults:5)
  3 sphinxes (Depths:2)
  Kirke (Spider:4)
  3 shadow dragons (Vaults:5)
  An iron dragon (Dis:1)
  3 frost giants (Depths:3 Depths:5 Coc:7)
  3 fire giants (Depths:2 Depths:5 Geh:7)
  3 vault wardens (Vaults:2 Vaults:5)
  A cacodemon (Pan)
  A warmonger (Pan)
  2 balrugs (Pan)
  2 stone giants (Vaults:2 Vaults:5)
  5 war gargoyles (Dis:7)
  2 very ugly things (Vaults:3 Depths:2)
  2 spriggan defenders (Depths:1 Depths:5)
  An entropy weaver (Spider:2)
  2 ironheart preservers (Vaults:2)
  2 reapers (Coc:7 Dis:1)
  A spark wasp (Depths:2)
  3 ettins (Depths:1 Vaults:5)
  2 yaktaur captains (Vaults:1 Vaults:3)
  An ogre mage (Vaults:1)
  A mummy priest (Tomb:2)
  A great orb of eyes (Depths:2)
  3 ice dragons (Depths:5 Coc:7)
  2 vault guards (Vaults:1 Vaults:2)
  A centaur warrior (Depths:2)
  A deep troll shaman (Depths:5)
  A death knight (Vaults:5)
  A death scarab (Tomb:1)
  A dancing weapon (Elf:2)
  A deep troll earth mage (Depths:5)
  A two-headed ogre (Vaults:2)
  A thrashing horror (Abyss:3)
  A large abomination (Abyss:3)
  3 sun demons (Hell Geh:7)
  A deep elf knight (Elf:2)
  3 iron golems (Dis:1)
  A sixfirhy (Pan)
  A skeletal warrior (Vaults:2)
  A golden dragon zombie (Geh:7)
  An unseen horror (Abyss:3)
  A torturous demonspawn (Pan)
  2 ironbrand convokers (Vaults:5)
  4 deep trolls (Vaults:2 Vaults:5)
  4 harpies (Shoals:4 Vaults:2)
  A necromancer (Hell)
  3 orc knights (Vaults:3 Vaults:4 Vaults:5)
  A frost giant zombie (Coc:7)
  3 deep elf magi (Elf:2 Depths:4)
  5 ugly things (Vaults:2)
  A faun (Shoals:3)
  A cyclops (Vaults:2)
  2 manticores (Shoals:4)
  A centaur zombie (D:12)
  3 vault sentinels (Vaults:2 Vaults:5)
  A dire elephant skeleton (Coc:7)
  2 centaur skeletons (D:10 D:12)
  3 yaktaurs (Vaults:2 Vaults:4)
  2 freezing wraiths (D:10 Crypt:2)
  2 efreet (Abyss:3 Pan)
  A komodo dragon (shapeshifter) (Depths:2)
  3 anaconda simulacra (Hell Coc:7)
  A guardian mummy (Tomb:1)
  2 red devils (Hell Pan)
  A hydra zombie (Coc:7)
  2 merfolk (Shoals:3 Shoals:4)
  3 bog bodies (Coc:7)
  A hornet (Depths:5)
  A dream sheep (D:9)
  A hippogriff (Shoals:3)
  2 slime creatures (Vaults:1 Depths:2)
  A redback (shapeshifter) (Depths:5)
  A flying skull (Tomb:1)
  9 yaks (D:9 Lair:5)
  10 redbacks (Spider:1 Spider:2 Spider:3)
  6 water elementals (Shoals:3 Shoals:4 Depths:3 Coc:7)
  A spriggan (Depths:5)
  2 neqoxecs (Abyss:3 Pan)
  2 hungry ghosts (D:12)
  A hydra simulacrum (Coc:7)
  A warg (Vaults:3)
  6 hell hounds (Depths:5 Geh:7 Dis:7)
  A phantom (D:7)
  2 orc warriors (Vaults:3)
  A sky beast (D:9)
  An eye of draining (shapeshifter) (Vaults:5)
  2 necrophages (D:12 Tar:7)
  A boggart (Depths:1)
  6 ogres (D:4 Vaults:2 Vaults:1 Vaults:3 Vaults:4)
  A wolf (Lair:6)
  A centaur (Shoals:3)
  A manticore skeleton (Coc:7)
  An elf zombie (Tomb:1)
  2 bullfrogs (Lair:5 D:12)
  A big kobold (D:12)
  A scorpion (D:12)
  6 killer bees (D:10)
  2 crimson imps (Geh:7)
  A bullfrog skeleton (D:10)
  A hound (D:12)
  2 iron imps (Dis:7)
  A mummy (Tomb:1)
  An adder (Sewer)
  A shadow imp (D:12)
  A white imp (Coc:7)
  2 oozes (D:2 Sewer)
  A worm (D:2)
  3 orcs (D:12 Vaults:4)
  A goblin (Vaults:2)
  A kobold (D:9)
  A rat (Sewer)
  A lurking horror (Abyss:3)
  9 plants (Lair:6 Shoals:4)
234 creatures vanquished.

Vanquished Creatures (others)
  4 eldritch tentacles (Pan Tar:7 Coc:4 Tomb:2)
  A fire giant (Geh:7)
  Louise (Spider:4)
  An emperor scorpion (Spider:4)
  A lorocyproca (Pan)
  2 blizzard demons (Pan)
  A green death (Pan)
  An ice dragon (Vaults:1)
  9 dancing weapons (D:12 Vaults:2 Elf:2 Vaults:5 Pan)
  A hell hog (Hell)
  A deep elf knight (Elf:3)
  A storm dragon skeleton (Tomb:2)
  2 wizards (Pan)
  A deep troll (Vaults:5)
  A flayed ghost (Geh:2)
  2 necromancers (Depths:2 Depths:4)
  2 deep elf magi (Elf:2 Elf:3)
  An iron dragon zombie (Hell)
  A smoke demon (Pan)
  An efreet (Pan)
  A yaktaur (Vaults:5)
  A hydra zombie (Coc:7)
  A hellwing (Pan)
  A merfolk (Shoals:4)
  A hornet (Spider:4)
  2 dream sheep (Lair:2 Shoals:1)
  9 flying skulls (Coc:3 Coc:7 Tomb:2)
  A shadow (Geh:2)
  A ynoxinul (Pan)
  A hog (Spider:4)
  2 humans (Spider:4)
  An ushabti (Tomb:2)
  A golden eye (Pan)
  A hell hound (Depths:5)
  An orc warrior (Vaults:5)
  A killer bee (D:10)
  3 ogres (Vaults:2 Vaults:3 Vaults:4)
  A big kobold (D:9)
  An orc wizard (Vaults:4)
  4 ball lightnings (Pan)
  2 orcs (D:13 Vaults:4)
  6 kobolds (D:9)
  A rat (D:1)
  A block of ice (Pan)
  6 fungi (Lair:1 Lair:6 Depths:2)
  A lurking horror (Abyss:3)
  30 plants (Lair:3 Lair:6 D:13 Spider:2 Shoals:1)
  15 spectral weapons (Slime:5 Pan Tar:7 Coc:3 Coc:7)
  5 starspawn tentacles (Abyss:2 Abyss:5)
  17 tentacles (Shoals:1 Coc:7)
154 creatures vanquished.

Grand Total: 4347 creatures vanquished

Notes
Turn   | Place    | Note
-------+----------+-------------------------------------------
     0 | D:1      | stickyfingers the Human Chaos Knight began the quest for the Orb.
     0 | D:1      | Reached XP level 1. HP: 18/18 MP: 1/1
    86 | D:1      | Reached XP level 2. HP: 24/24 MP: 2/2
   216 | D:1      | XOM: divination: detect items
   265 | D:1      | XOM: harmless Pois miscast
   524 | D:1      | Reached skill level 4 in Maces & Flails
   524 | D:1      | Reached XP level 3. HP: 29/29 MP: 3/3
   549 | D:1      | XOM is BORED!
   549 | D:1      | XOM: noise
   636 | D:1      | XOM: potion effect (brilliance)
  1095 | D:2      | Reached XP level 4. HP: 35/35 MP: 4/4
  1127 | D:2      | Identified a book of Maledictions
  1174 | D:2      | XOM: scenery: 1 doors close
  1430 | D:2      | XOM: harmless Fire miscast
  1475 | D:2      | XOM: cloud trail
  1519 | D:2      | XOM: mild Air miscast
  1669 | D:2      | Noticed Jessica
  1682 | D:2      | Killed Jessica
  1682 | D:2      | Reached skill level 5 in Maces & Flails
  1684 | D:2      | Reached XP level 5. HP: 39/41 MP: 5/5
  1995 | D:2      | XOM: silly message
  2201 | D:2      | XOM: polymorph goblin -> worker ant
  2370 | D:2      | Noticed Robin
  2416 | D:2      | Killed Robin
  2419 | D:2      | XOM: summons friendly crimson imp
  2438 | D:2      | Reached skill level 6 in Maces & Flails
  2596 | D:2      | Found a snail-covered altar of Cheibriados.
  2618 | D:2      | XOM: noise
  2816 | D:3      | XOM: confusion
  2932 | D:3      | Found a glowing drain.
  2972 | D:3      | Reached XP level 6. HP: 41/47 MP: 6/6
  3000 | Sewer    | Entered a sewer
  3405 | Sewer    | XOM: summons friendly shadow imp
  3410 | Sewer    | Reached skill level 2 in Dodging
  3709 | Sewer    | Reached skill level 3 in Dodging
  3709 | Sewer    | Reached XP level 7. HP: 49/52 MP: 7/7
  4034 | D:3      | XOM is BORED!
  4034 | D:3      | XOM: medium Tloc miscast
  4035 | D:3      | Noticed a spatial vortex
  4240 | D:4      | XOM: noise
  4363 | D:4      | Found a burning altar of Makhleb.
  4380 | D:4      | XOM: harmless Conj miscast
  4506 | D:4      | Noticed Sigmund
  4510 | D:4      | XOM: summons friendly quasit
  4515 | D:4      | Killed Sigmund
  4515 | D:4      | Reached skill level 7 in Maces & Flails
  4547 | D:4      | Reached skill level 4 in Dodging
  4820 | D:4      | Reached XP level 8. HP: 53/58 MP: 8/8
  5028 | D:4      | XOM: give mutations
  5028 | D:4      | Gained mutation: Scrolls take you a little longer to read. [Xom's mischief]
  5028 | D:4      | Gained mutation: You are frail. (-10% HP) [Xom's mischief]
  5028 | D:4      | Gained mutation: Your body sometimes deteriorates upon taking damage. [Xom's mischief]
  5209 | D:4      | XOM: cloud trail
  5271 | D:4      | XOM: enchant monster (bad)
  5280 | D:4      | Reached skill level 8 in Maces & Flails
  5308 | D:5      | Entered Level 5 of the Dungeon
  5344 | D:5      | XOM: harmless Fire miscast
  5376 | D:5      | Noticed a hand axe
  5376 | D:5      | Noticed a dagger
  5377 | D:5      | Found a hide-covered altar of Uskayaw.
  5397 | D:5      | Reached skill level 4 in Fighting
  5498 | D:5      | XOM: noise
  5557 | D:5      | XOM: noise
  5566 | D:5      | Reached skill level 9 in Maces & Flails
  5669 | D:5      | XOM: draining
  5718 | D:5      | Reached XP level 9. HP: 53/59 MP: 9/9
  5787 | D:5      | Reached skill level 5 in Fighting
  5794 | D:5      | Found a basalt altar of Yredelemnul.
  5917 | D:5      | XOM: give mutations
  5917 | D:5      | Gained mutation: You are clumsy. (Dex -2) [Xom's mischief]
  5917 | D:5      | Gained mutation: Your mind is acute. (Int +2) [Xom's mischief]
  5917 | D:5      | Gained mutation: You are very clumsy. (Dex -4) [Xom's mischief]
  5931 | D:5      | You fall through a shaft!
  6018 | D:5      | Found Wymat's Gadget Boutique.
  6046 | D:5      | XOM: medium Pois miscast
  6081 | D:5      | XOM: give mutations
  6081 | D:5      | Lost mutation: Your body sometimes deteriorates upon taking damage. [Xom's mischief]
  6081 | D:5      | Gained mutation: You are partially covered in molten scales. (AC +2) [Xom's mischief]
  6081 | D:5      | Gained mutation: Your spells are a little easier to cast, but a little less powerful. [Xom's mischief]
  6081 | D:5      | Gained mutation: You are weak. (Str -2) [Xom's mischief]
  6119 | D:5      | XOM: medium Chrm miscast
  6120 | D:5      | XOM: cleaving
  6136 | D:5      | Reached skill level 10 in Maces & Flails
  6149 | D:5      | XOM: mild Hex miscast
  6215 | D:6      | Noticed Eustachio
  6231 | D:6      | XOM: confuse monster(s)
  6247 | D:6      | Killed Eustachio
  6593 | D:5      | XOM: blink monster(s)
  6593 | D:5      | HP: 10/61 [orc warrior/trident of venom (12)]
  6598 | D:5      | HP: 6/61 [poisoned by an orc warrior]
  6603 | D:5      | HP: 4/61 [poisoned by an orc warrior]
  6609 | D:5      | HP: 2/61 [poisoned by an orc warrior]
  6617 | D:5      | HP: 2/61 [poisoned by an orc warrior]
  6624 | D:4      | HP: 1/61 [poisoned by an orc warrior]
  6960 | D:5      | Reached skill level 11 in Maces & Flails
  6983 | D:5      | HP: 18/61 [poisoned by an orc warrior]
  7201 | D:6      | Noticed Dowan
  7202 | D:6      | Noticed Duvessa
  7333 | D:6      | Found an opulent altar of Gozag.
  7509 | D:5      | XOM is BORED!
  7509 | D:5      | XOM: summons 4 hostile demons
  7510 | D:5      | XOM: harmless Summ miscast
  7702 | D:6      | Found a runed door.
  7817 | D:6      | Killed Dowan
  7896 | D:5      | XOM: summons 4 hostile demons
  8080 | D:6      | XOM: confusion
  8110 | D:6      | Killed Duvessa
  8215 | D:7      | Noticed Menkaure
  8262 | D:7      | Got a slimy war axe
  8263 | D:7      | Identified the +8 war axe "Hynozid" {chop, *Drain +Blink rN+ Dex+2} (You found it on level 7 of the Dungeon)
  8273 | D:7      | Found a sacrificial altar of Ru.
  8314 | D:6      | XOM: harmless Tmut miscast
  8450 | D:7      | XOM: summons 2 friendly demons
  8585 | D:7      | Killed Menkaure
  8635 | D:7      | Noticed a hippogriff
  8649 | D:7      | XOM: harmless Tmut miscast
  8675 | D:7      | Killed a hippogriff
  8675 | D:7      | Reached XP level 10. HP: 64/66 MP: 10/10
  8758 | D:7      | XOM: harmless Tmut miscast
  8789 | D:7      | Reached skill level 12 in Maces & Flails
  9007 | D:7      | XOM: fake destruction
  9042 | D:7      | Found a glowing silver altar of Zin.
  9045 | D:7      | Found a hazy altar of Hepliaklqana.
  9117 | D:7      | XOM: polymorph centaur -> howler monkey
  9355 | D:7      | Found a staircase to the Ecumenical Temple.
  9403 | D:8      | XOM: scenery: create altars
  9430 | D:8      | Reached skill level 13 in Maces & Flails
  9442 | D:8      | XOM: cloud trail
  9479 | D:8      | XOM: summons friendly quasit
  9880 | D:8      | XOM: fake destruction
  9940 | D:8      | Reached skill level 5 in Dodging
 10387 | D:9      | Identified a book of Beasts
 10394 | D:9      | Learned a level 1 spell: Summon Butterflies
 10509 | D:9      | XOM: scenery: create altars
 10521 | D:9      | Reached skill level 6 in Fighting
 10572 | D:9      | XOM: summons 9 friendly demons
 10589 | D:9      | Reached skill level 6 in Dodging
 10595 | D:9      | Noticed a three-headed hydra
 10605 | D:9      | XOM: smoke on damage
 10612 | D:9      | Killed a three-headed hydra
 10612 | D:9      | Reached skill level 7 in Fighting
 10612 | D:9      | Reached XP level 11. HP: 50/75 MP: 11/11
 10922 | D:9      | XOM: cleaving
 10929 | D:9      | XOM: fog
 10972 | D:9      | Got a scintillating steel ring
 10974 | D:9      | Identified the ring of Gyus {Wiz rF+ Dex+4} (You found it on level 9 of the Dungeon)
 10975 | D:9      | Noticed Erolcha
 10979 | D:9      | XOM: cloud trail
 11026 | D:9      | Killed Erolcha
 11026 | D:9      | Reached skill level 7 in Dodging
 11217 | D:9      | XOM: summons 9 friendly demons
 11220 | D:9      | Reached skill level 8 in Fighting
 11271 | D:9      | Identified a book of Conjurations
 11482 | D:9      | XOM: god gift: 44 gold pieces
 11490 | D:9      | XOM: cast spell 'Statue Form'
 11514 | D:9      | Reached skill level 8 in Dodging
 11629 | D:9      | Noticed a two-headed ogre
 11639 | D:9      | XOM: potion effect (haste)
 11682 | D:9      | Killed a two-headed ogre
 11728 | D:9      | XOM: cast spell 'Call Canine Familiar'
 11888 | D:9      | Found an ornate altar of the Wu Jian Council.
 11906 | D:9      | XOM is BORED!
 11906 | D:9      | XOM: give mutation
 11906 | D:9      | Lost mutation: Your mind is acute. (Int +2) [Xom's mischief]
 12090 | D:10     | Entered Level 10 of the Dungeon
 12102 | D:10     | XOM: summons 5 friendly demons
 12139 | D:10     | XOM: give mutation
 12139 | D:10     | Lost mutation: You are very clumsy. (Dex -4) [Xom's grace]
 12273 | D:10     | Reached skill level 9 in Fighting
 12295 | D:10     | XOM: fake destruction
 12429 | D:10     | Identified a book of Necromancy
 12433 | D:10     | Learned a level 1 spell: Animate Skeleton
 12437 | D:10     | Learned a level 3 spell: Regeneration
 12445 | D:10     | Noticed a four-headed hydra
 12484 | D:10     | Noticed Fannar
 12574 | D:10     | XOM: scenery: 1 doors open, 2 doors close
 12766 | D:10     | XOM: god gift: 58 gold pieces
 12871 | D:9      | Reached skill level 9 in Dodging
 13224 | D:10     | XOM: polymorph orc warrior -> scorpion
 13233 | D:10     | XOM: give mutations
 13233 | D:10     | Lost mutation: You are weak. (Str -2) [Xom's grace]
 13233 | D:10     | Lost mutation: Your spells are a little easier to cast, but a little less powerful. [Xom's grace]
 13233 | D:10     | Gained mutation: You are somewhat resistant to further mutation. [Xom's grace]
 13233 | D:10     | Gained mutation: Your muscles are strong. (Str +2) [Xom's grace]
 13283 | D:10     | XOM: enchant monster (good)
 13302 | D:10     | XOM: god gift: potion of degeneration
 13367 | D:9      | XOM: cloud trail
 13531 | D:10     | XOM: scenery: 2 doors open
 13534 | D:10     | XOM: fog
 13567 | D:10     | Found a staircase to the Orcish Mines.
 13617 | D:10     | XOM: summons 7 friendly demons
 13623 | D:10     | XOM: scenery: 2 doors close
 13631 | D:10     | Reached XP level 12. HP: 85/85 MP: 12/12
 13651 | D:10     | XOM: cast spell 'Dispersal'
 13693 | D:10     | XOM: enchant monster (good)
 13697 | D:10     | XOM: scenery: 1 doors open, 1 doors close
 13703 | D:10     | XOM: fog
 13952 | D:10     | Noticed VOLK64's ghost (novice TrMo)
 13965 | D:9      | XOM: give mutations
 13965 | D:9      | Gained mutation: You have sharp toenails. [Xom's grace]
 13965 | D:9      | Lost mutation: You are clumsy. (Dex -2) [Xom's grace]
 13965 | D:9      | Gained mutation: You are somewhat resistant to both further mutation and mutation removal. [Xom's grace]
 14070 | D:10     | XOM: mild Necr miscast
 14225 | D:10     | XOM: divination: magic mapping
 14379 | D:10     | XOM: harmless Hex miscast
 14442 | D:10     | XOM: cast spell 'Summon Butterflies'
 14452 | D:10     | XOM: potion effect (curing)
 14463 | D:10     | XOM: potion effect (agility)
 14467 | D:10     | XOM: divination: detect items
 14778 | D:10     | XOM: blink monster(s)
 14796 | D:10     | XOM: smoke on damage
 14799 | D:10     | Killed Fannar
 14878 | D:9      | XOM: severe Tmut miscast
 14881 | D:9      | XOM: repel stairs
 14883 | D:9      | XOM: cast spell 'Alistair's Intoxication'
 15082 | D:8      | XOM: harmless Tloc miscast
 15149 | D:10     | XOM: silly message
 15192 | D:10     | XOM: harmless Air miscast
 15391 | D:11     | XOM: blink monster(s)
 15394 | D:11     | Reached skill level 10 in Dodging
 15408 | D:11     | XOM: scenery: create altars
 15654 | D:11     | XOM: enchant monster (good)
 15655 | D:11     | XOM: smoke on damage
 15707 | D:11     | Noticed an unseen horror
 15718 | D:11     | Killed an unseen horror
 15778 | D:10     | XOM: mild Fire miscast
 15829 | D:11     | Noticed Harold
 15835 | D:11     | XOM: 4-stop teleportation journey
 15846 | D:11     | XOM: cast spell 'Necromutation'
 15853 | D:11     | XOM: summons 6 friendly demons
 15860 | D:11     | Killed Harold
 15889 | D:11     | Found a staircase to the Lair.
 15985 | D:11     | XOM: fog
 16025 | D:11     | XOM: give mutation
 16025 | D:11     | Gained mutation: You are resistant to hostile enchantments. (MR+) [Xom's mischief]
 16036 | D:11     | XOM: medium Chrm miscast
 16037 | D:11     | Reached skill level 14 in Maces & Flails
 16099 | D:11     | Got a fine ring mail
 16113 | D:11     | XOM: give mutation
 16113 | D:11     | Lost mutation: You are resistant to hostile enchantments. (MR+) [Xom's mischief]
 16124 | D:11     | XOM: scenery: create altars
 16141 | D:11     | XOM: destruction
 16216 | D:11     | XOM: confusion (+ monsters)
 16370 | D:11     | XOM: give mutations
 16370 | D:11     | Gained mutation: You are partially covered in large bone plates. (SH +4) [Xom's grace]
 16370 | D:11     | Gained mutation: You have razor-sharp toenails. [Xom's grace]
 16370 | D:11     | Gained mutation: You are almost entirely resistant to further mutation and mutation removal. [Xom's grace]
 16504 | D:11     | XOM: summons 4 hostile shadow creatures
 16545 | D:11     | Reached skill level 11 in Dodging
 16708 | D:11     | XOM: harmless Ice miscast
 16773 | D:11     | Identified the +1 ring mail of Kemies {Stlth+} (You found it on level 11 of the Dungeon)
 16832 | D:11     | XOM: give mutations
 16832 | D:11     | Lost mutation: You are frail. (-10% HP) [Xom's mischief]
 16832 | D:11     | Lost mutation: Scrolls take you a little longer to read. [Xom's mischief]
 16832 | D:11     | Gained mutation: You are clumsy. (Dex -2) [Xom's mischief]
 16832 | D:11     | Lost mutation: Your muscles are strong. (Str +2) [Xom's mischief]
 17045 | Lair:1   | Entered Level 1 of the Lair of Beasts
 17128 | Lair:1   | XOM: enchant monster (good)
 17139 | Lair:1   | Identified a book of Power
 17159 | Lair:1   | XOM: god gift: 13 stones
 17291 | Lair:1   | XOM: cleaving
 17295 | Lair:1   | XOM: summons friendly shadow imp
 17325 | Lair:1   | Reached skill level 3 in Armour
 17597 | Lair:1   | XOM: harmless Necr miscast
 17609 | Lair:1   | Reached skill level 4 in Armour
 17694 | Lair:1   | XOM: scenery: 2 doors open, 1 doors close
 18028 | Lair:1   | XOM: divination: magic mapping
 18030 | Lair:1   | XOM: potion effect (haste)
 18064 | Lair:1   | XOM: silly message
 18115 | Lair:1   | Reached skill level 5 in Armour
 18160 | Lair:1   | XOM: harmless Summ miscast
 18166 | Lair:1   | XOM: potion effect (brilliance)
 18299 | Lair:1   | Reached XP level 13. HP: 85/101 MP: 13/13
 18321 | Lair:1   | XOM: give mutations
 18321 | Lair:1   | Gained mutation: Your flesh is cold resistant. (rC+) [Xom's grace]
 18321 | Lair:1   | Gained mutation: Your muscles are strong. (Str +2) [Xom's grace]
 18380 | Lair:2   | Reached skill level 6 in Armour
 18394 | Lair:2   | XOM: divination: magic mapping
 18399 | Lair:2   | XOM: summons 5 friendly demons
 18429 | Lair:2   | Found a staircase to the Shoals.
 18679 | Lair:2   | XOM: confuse monster(s)
 18681 | Lair:2   | HP: 30/101 [poisoned by a spiny frog]
 18686 | Lair:2   | HP: 26/101 [poisoned by a spiny frog]
 18691 | Lair:2   | HP: 22/101 [poisoned by a spiny frog]
 18697 | Lair:2   | HP: 21/101 [poisoned by a spiny frog]
 18704 | Lair:1   | HP: 20/101 [poisoned by a spiny frog]
 18712 | Lair:1   | HP: 20/101 [poisoned by a spiny frog]
 18834 | Lair:1   | XOM: severe Tloc miscast
 19080 | Lair:2   | XOM: god gift: scroll labeled LAYDIN DAOSAY {god gift}
 19171 | Lair:2   | XOM: cloud trail
 19203 | Lair:2   | Reached skill level 7 in Armour
 19284 | Lair:2   | XOM is BORED!
 19284 | Lair:2   | XOM: mild Chrm miscast
 19811 | Lair:3   | XOM: mild Fire miscast
 19824 | Lair:3   | XOM: potion effect (brilliance)
 19846 | Lair:3   | XOM: cast spell 'Summon Small Mammal'
 19849 | Lair:3   | Reached skill level 8 in Armour
 19851 | Lair:3   | XOM: potion effect (curing)
 19865 | Lair:3   | XOM: potion effect (brilliance)
 20378 | Lair:3   | Reached skill level 9 in Armour
 20695 | Lair:3   | XOM is BORED!
 20695 | Lair:3   | XOM: give mutation
 20695 | Lair:3   | Gained mutation: You occasionally shout uncontrollably at your foes. [Xom's mischief]
 20698 | Lair:3   | XOM: confuse monster(s)
 20713 | Lair:3   | XOM: cleaving
 20808 | Lair:3   | XOM: give mutation
 20808 | Lair:3   | Gained mutation: You have claws for feet. [Xom's grace]
 20823 | Lair:3   | XOM: fog
 20839 | Lair:3   | XOM: smoke on damage
 21318 | Lair:3   | XOM: swap monsters
 21334 | Lair:3   | Reached skill level 10 in Armour
 21357 | Lair:3   | XOM: polymorph elephant -> wind drake
 21378 | Lair:3   | XOM: divine lightning
 21404 | Lair:3   | XOM: confuse monster(s)
 21477 | Lair:2   | XOM: scenery: create altars
 22220 | Lair:4   | XOM: harmless Pois miscast
 22223 | Lair:4   | XOM: cast spell 'Leda's Liquefaction'
 22294 | Lair:4   | Found a hole to the Spider Nest.
 22458 | Lair:4   | XOM: noise
 22459 | Lair:4   | XOM: divination: detect items
 22461 | Lair:4   | XOM: potion effect (agility)
 22467 | Lair:4   | HP: 23/101 [crocodile (11)]
 22474 | Lair:4   | HP: 23/101 [poisoned by a spiny frog]
 22569 | D:11     | Identified a scroll of acquirement
 22570 | D:11     | thx qom
 22571 | D:11     | Got a pair of smoking gloves
 22582 | D:11     | Identified the +1 pair of gloves "Buk Nygeal" {rF+ rC+} (You acquired it on level 11 of the Dungeon)
 22845 | Lair:4   | Reached skill level 11 in Armour
 22932 | Lair:4   | XOM: god gift: 5 needles of confusion
 22990 | Lair:4   | XOM: god gift: wand of acid (?/15) {god gift}
 23136 | Lair:4   | XOM: god gift: meat ration
 23191 | Lair:4   | XOM: god gift: 27 gold pieces
 23444 | Lair:4   | XOM is BORED!
 23444 | Lair:4   | XOM: stat loss: -1 Str (17/18)
 23470 | Lair:5   | XOM: summons 13 friendly demons
 23563 | Lair:5   | XOM: summons 5 friendly demons
 23584 | Lair:5   | Reached skill level 10 in Fighting
 23593 | Lair:5   | Reached XP level 14. HP: 102/110 MP: 14/14
 23637 | Lair:5   | Found a deep blue altar of Sif Muna.
 23692 | Lair:5   | Got twisted acid dragon scales
 23703 | Lair:5   | Identified the +1 acid dragon scales of Limited Liability {rPois rCorr} (You found it on level 5 of the Lair of Beasts)
 23929 | Lair:5   | Found a staircase to the Slime Pits.
 24243 | Lair:6   | Entered Level 6 of the Lair of Beasts
 24322 | Lair:6   | Reached skill level 11 in Fighting
 24329 | Lair:6   | XOM: 5-stop teleportation journey
 24440 | Lair:6   | XOM: summons 14 friendly demons
 24508 | Lair:6   | XOM: polymorph wolf -> worker ant
 24518 | Lair:6   | Noticed Rupert
 24535 | Lair:6   | XOM: enchant monster (good)
 24536 | Lair:6   | XOM: enchant monster (good)
 24544 | Lair:6   | XOM: summons 6 friendly demons
 24561 | Lair:6   | XOM: confuse monster(s)
 24675 | Lair:6   | XOM: potion effect (might)
 24702 | Lair:6   | XOM: divination: detect items
 24777 | Lair:6   | XOM: potion effect (magic)
 24780 | Lair:6   | XOM: silly message
 24799 | Lair:6   | XOM: divination: detect creatures
 24804 | Lair:6   | Killed Rupert
 24804 | Lair:6   | Reached skill level 12 in Fighting
 24824 | Lair:6   | Reached skill level 1 in Necromancy
 24873 | Lair:6   | Reached skill level 2 in Necromancy
 25002 | D:11     | XOM: harmless Summ miscast
 25311 | Lair:6   | Reached skill level 1 in Spellcasting
 25404 | Lair:6   | Reached skill level 3 in Necromancy
 25424 | Lair:6   | Reached skill level 2 in Spellcasting
 25434 | Lair:6   | XOM: divination: magic mapping
 25439 | Lair:6   | XOM: confuse monster(s)
 25466 | Lair:6   | XOM: divination: magic mapping
 25497 | Lair:6   | XOM: smoke on damage
 25503 | Lair:6   | Reached skill level 4 in Necromancy
 25725 | Lair:6   | Reached skill level 3 in Spellcasting
 25735 | Lair:6   | XOM: potion effect (invisibility)
 25790 | Lair:6   | XOM: summons friendly white imp
 25792 | Lair:6   | Reached skill level 4 in Spellcasting
 25806 | Lair:6   | Reached skill level 1 in Charms
 25813 | Lair:6   | Reached skill level 1 in Summonings
 25830 | Lair:6   | Got a slimy scale mail
 25838 | Lair:6   | Got a crude garnet amulet
 25844 | Lair:6   | Identified the amulet "Duirchosu" {+Inv rPois rC+ Regen+ Str+3} (You found it on level 6 of the Lair of Beasts)
 25855 | Lair:6   | Identified the +4 scale mail of Ytsiag {-Cast Str+2 Stlth+} (You found it on level 6 of the Lair of Beasts)
 26018 | Lair:6   | Identified a book of the Dragon (Xom gifted it to you on level 6 of the Lair of Beasts)
 26018 | Lair:6   | XOM: god gift: book of the Dragon
 26031 | Lair:6   | XOM: scenery: create altars
 26287 | D:12     | XOM: summons 3 friendly demons
 26290 | D:12     | Reached skill level 2 in Charms
 26290 | D:12     | Reached skill level 2 in Summonings
 26648 | D:12     | Identified a book of Transfigurations
 26702 | D:12     | XOM: summons friendly iron imp
 26706 | D:12     | Reached skill level 3 in Charms
 26725 | D:12     | XOM: polymorph iron imp -> quasit
 26810 | D:12     | Noticed a stone giant
 26814 | D:12     | Reached skill level 3 in Summonings
 26846 | D:12     | Reached XP level 15. HP: 120/120 MP: 21/21
 26875 | D:12     | Killed a stone giant
 26949 | D:12     | XOM: cleaving
 26956 | D:12     | XOM: divination: detect items
 26960 | D:12     | Reached skill level 4 in Charms
 26972 | D:12     | XOM: chaos cloud
 26974 | D:12     | Reached skill level 4 in Summonings
 26974 | D:12     | Reached skill level 1 in Evocations
 26975 | D:12     | XOM: harmless Pois miscast
 26997 | D:12     | Reached skill level 2 in Evocations
 26998 | D:12     | XOM: confusion (+ monsters)
 27068 | D:12     | Reached skill level 3 in Evocations
 27230 | D:12     | Found Xaext's Antique Armour Shop.
 27386 | Orc:1    | Entered Level 1 of the Orcish Mines
 27399 | D:10     | XOM: harmless Fire miscast
 27409 | D:10     | Reached skill level 4 in Evocations
 27435 | Orc:1    | XOM: enchant monster (bad)
 27662 | Orc:1    | XOM: swap monsters
 27668 | Orc:1    | XOM: noise
 27672 | Orc:1    | Reached skill level 5 in Evocations
 27706 | Orc:1    | Found a roughly hewn altar of Beogh.
 27833 | Orc:2    | Entered Level 2 of the Orcish Mines
 27892 | Orc:2    | XOM: mild Erth miscast
 27908 | Orc:2    | Found a staircase to the Elven Halls.
 27962 | Orc:2    | Found Poggiuhe's Assorted Antiques.
 27962 | Orc:2    | Found Upuewanali's Distillery.
 27969 | Orc:2    | XOM: enchant monster (bad)
 27973 | Orc:2    | XOM: polymorph ogre -> bullfrog
 27977 | Orc:2    | XOM: summons 3 hostile shadow creatures
 27978 | Orc:2    | XOM: harmless Chrm miscast
 28105 | Orc:1    | XOM: swap monsters
 28166 | Orc:1    | XOM: 2-stop teleportation journey
 28178 | Orc:1    | XOM: swap monsters
 28180 | Orc:1    | XOM: swap monsters
 28185 | Orc:1    | XOM: mild Air miscast
 28186 | Orc:1    | XOM: confusion
 28191 | Orc:1    | XOM: swap monsters
 28206 | Orc:1    | XOM: repel stairs
 28384 | Orc:2    | XOM: summons 2 hostile shadow creatures
 28512 | Orc:2    | XOM: chaos cloud
 28523 | Orc:2    | XOM: give mutations
 28523 | Orc:2    | Lost mutation: You are clumsy. (Dex -2) [Xom's mischief]
 28523 | Orc:2    | Lost mutation: You have claws for feet. [Xom's mischief]
 28523 | Orc:2    | Lost mutation: Your muscles are strong. (Str +2) [Xom's mischief]
 28525 | Orc:2    | XOM: harmless Pois miscast
 28540 | Orc:2    | XOM: polymorph two-headed ogre -> slime creature
 28547 | Orc:2    | Reached skill level 12 in Dodging
 28615 | Orc:2    | Found Lagg's Magic Scroll Boutique.
 28615 | Orc:2    | Found Ipri's Assorted Antiques.
 28640 | Orc:2    | Bought a scroll labeled CUDORA HUHOSI for 28 gold pieces
 28640 | Orc:2    | Bought a scroll labeled VEQUNU MOQODIT for 28 gold pieces
 28640 | Orc:2    | Bought a scroll labeled LUP DEOHIZXAV for 28 gold pieces
 28641 | Orc:2    | Bought a runed steel ring for 195 gold pieces
 28641 | Orc:2    | Bought a scroll labeled JEITZE HANLI for 39 gold pieces
 28641 | Orc:2    | Bought a glittering silver ring for 195 gold pieces
 28642 | Orc:2    | Bought a scroll of noise for 15 gold pieces
 28643 | Orc:2    | Bought a scroll of fear for 52 gold pieces
 28649 | Orc:2    | Bought a potion of might for 60 gold pieces
 28649 | Orc:2    | Bought a potion of resistance for 150 gold pieces
 28649 | Orc:2    | Bought 2 potions of heal wounds for 150 gold pieces
 28752 | Orc:2    | Noticed Maurice
 28761 | Orc:2    | Killed Maurice
 28872 | Orc:2    | XOM: smoke on damage
 28872 | Orc:2    | XOM: torment (62/122 hp)
 28881 | Orc:2    | HP: 34/122 [xom (32)]
 28881 | Orc:2    | XOM: torment (34/122 hp)
 28891 | Orc:2    | XOM: polymorph troll -> jumping spider
 29001 | Orc:1    | XOM: harmless Conj miscast
 29220 | Orc:2    | Bought a scroll of enchant weapon for 112 gold pieces
 29220 | Orc:2    | Bought a scroll of recharging for 142 gold pieces
 29220 | Orc:2    | Bought a scroll of holy word for 112 gold pieces
 29220 | Orc:2    | Bought a scroll of fear for 52 gold pieces
 29221 | Orc:2    | Bought a potion of ambrosia for 120 gold pieces
 29221 | Orc:2    | Bought a potion of mutation for 120 gold pieces
 29224 | Orc:2    | Identified the ring of Orthodoxy {Fire rPois Dex+2} (You bought it in a shop on level 2 of the Orcish Mines)
 29300 | D:10     | XOM: divination: detect creatures
 29386 | D:10     | XOM: harmless Erth miscast
 29391 | D:10     | XOM: summons friendly quasit
 29412 | D:10     | XOM: enchant monster (good)
 29619 | D:13     | XOM: divination: magic mapping
 29624 | D:13     | Found a huge runed gate.
 29625 | D:13     | Found a huge runed gate.
 29658 | D:13     | Reached XP level 16. HP: 116/129 MP: 22/22
 29666 | D:13     | Reached skill level 12 in Armour
 29800 | D:13     | Found a huge runed gate.
 29800 | D:13     | Found a huge runed gate.
 29800 | D:13     | XOM: 2-stop teleportation journey
 29891 | D:13     | Reached skill level 13 in Fighting
 29959 | D:13     | Identified a book of Frost
 30095 | D:13     | XOM: divination: detect creatures
 30108 | D:13     | XOM: divination: magic mapping
 30203 | D:13     | XOM: polymorph cyan ugly thing -> slime creature
 30210 | D:13     | XOM: polymorph jelly -> porcupine
 30211 | D:13     | XOM: destruction
 30298 | D:13     | Identified a book of Changes
 30313 | D:13     | XOM: enchant monster (good)
 30353 | D:13     | XOM: god gift: opal ring {god gift}
 30604 | D:14     | Found a gate to the Vaults.
 30604 | D:14     | Noticed Nessos
 30604 | D:14     | Noticed Urug
 30646 | D:14     | XOM: destruction
 30652 | D:14     | XOM: polymorph hound -> swamp drake
 30701 | D:14     | XOM: harmless Necr miscast
 30798 | D:14     | XOM: harmless Air miscast
 30889 | D:14     | XOM: confuse monster(s)
 30896 | D:14     | Killed Urug
 31018 | D:14     | Identified a book of Debilitation
 31075 | D:14     | Killed Nessos
 31188 | D:14     | Found Aqusuepp's Food Shoppe.
 31423 | D:14     | XOM: give mutation
 31423 | D:14     | Lost mutation: You are almost entirely resistant to further mutation and mutation removal. [Xom's mischief]
 31425 | D:14     | XOM: polymorph slime creature -> alligator
 31428 | D:14     | XOM: summons 1 hostile demon
 31555 | D:13     | XOM: mild Pois miscast
 31583 | D:13     | XOM: enchant monster (bad)
 31616 | D:13     | XOM: summons 3 hostile shadow creatures
 31652 | D:13     | XOM: chaos cloud
 31663 | D:13     | XOM: torment (67/132 hp)
 31664 | D:13     | XOM: chaos cloud
 31670 | D:13     | XOM: silly message
 32066 | D:14     | XOM: give mutations
 32066 | D:14     | Gained mutation: Your spells are a little harder to cast, but a little more powerful. [Xom's mischief]
 32066 | D:14     | Lost mutation: You have razor-sharp toenails. [Xom's mischief]
 32066 | D:14     | Lost mutation: You have sharp toenails. [Xom's mischief]
 32066 | D:14     | Lost mutation: Your spells are a little harder to cast, but a little more powerful. [Xom's mischief]
 32078 | D:13     | XOM: harmless Hex miscast
 32163 | D:14     | XOM: medium Hex miscast
 32172 | D:14     | Reached skill level 13 in Armour
 32172 | D:14     | Reached skill level 13 in Dodging
 32176 | D:14     | XOM: give mutations
 32176 | D:14     | Gained mutation: You are frail. (-10% HP) [Xom's mischief]
 32176 | D:14     | Lost mutation: You are frail. (-10% HP) [Xom's mischief]
 32176 | D:14     | Lost mutation: You occasionally shout uncontrollably at your foes. [Xom's mischief]
 32312 | D:14     | XOM: give mutations
 32312 | D:14     | Gained mutation: Your mind is acute. (Int +2) [Xom's mischief]
 32318 | D:15     | Entered Level 15 of the Dungeon
 32357 | D:15     | XOM: fog
 32409 | D:15     | Reached skill level 14 in Fighting
 32489 | D:15     | XOM: cast spell 'Summon Butterflies'
 32582 | D:15     | XOM: scenery: create altars
 32729 | D:15     | Noticed Sonja
 32740 | D:15     | Noticed Sonja
 32740 | D:15     | Sonja changed into Sonja the blink frog
 32740 | D:15     | XOM: polymorph Sonja -> Sonja the blink frog
 32746 | D:15     | Killed Sonja the blink frog
 33126 | D:15     | XOM: cloud trail
 33196 | D:15     | Found a staircase to the Depths.
 33557 | Spider:1 | Entered Level 1 of the Spider Nest
 33563 | Spider:1 | XOM: summons 9 friendly demons
 33606 | Spider:1 | Reached XP level 17. HP: 121/139 MP: 23/23
 33666 | Spider:1 | XOM: harmless Fire miscast
 33790 | Spider:1 | XOM: enchant monster (good)
 33808 | Spider:1 | XOM: god gift: buckler {god gift}
 33816 | Spider:1 | XOM: polymorph jumping spider -> spriggan
 33821 | Spider:1 | XOM: confuse monster(s)
 33844 | Spider:1 | XOM: 1-stop teleportation journey
 33985 | Spider:1 | Noticed Agnes
 33994 | Spider:1 | XOM: scenery: create altars
 34011 | Spider:1 | Killed Agnes
 34011 | Spider:1 | Reached skill level 2 in Shields
 34075 | Spider:1 | XOM: blink monster(s)
 34146 | Spider:1 | Reached skill level 3 in Shields
 34425 | Spider:1 | XOM: butterfly on damage
 34444 | Spider:1 | XOM: noise
 34458 | Spider:1 | XOM: summons friendly iron imp
 34461 | Spider:1 | Reached skill level 4 in Shields
 34466 | Spider:1 | XOM: potion effect (heal wounds)
 34473 | Spider:1 | XOM: potion effect (curing)
 34647 | Spider:1 | XOM: cast spell 'Summon Small Mammal'
 34720 | Spider:1 | XOM: harmless Fire miscast
 35151 | Spider:2 | XOM: cast spell 'Alistair's Intoxication'
 35165 | Spider:1 | XOM: confuse monster(s)
 35177 | Spider:1 | XOM: noise
 35192 | Spider:2 | XOM: potion effect (invisibility)
 35343 | Spider:2 | XOM: potion effect (curing)
 35346 | Spider:2 | XOM: butterfly on damage
 35361 | Spider:2 | XOM: harmless Necr miscast
 35393 | Spider:2 | Noticed Arachne
 35396 | Spider:2 | XOM: cast spell 'Summon Small Mammal'
 35401 | Spider:2 | XOM: silly message
 35404 | Spider:2 | XOM: cast spell 'Call Canine Familiar'
 35418 | Spider:2 | XOM: cast spell 'Call Canine Familiar'
 35426 | Spider:2 | Reached skill level 14 in Armour
 35439 | Spider:2 | XOM: medium Hex miscast
 35461 | Spider:2 | Reached skill level 14 in Dodging
 35491 | Spider:2 | XOM: potion effect (might)
 35535 | Spider:2 | XOM: divination: magic mapping
 35782 | Spider:2 | XOM: 6-stop teleportation journey
 35784 | Spider:2 | XOM: enchant monster (good)
 35864 | Spider:2 | XOM: destruction
 35899 | Spider:2 | XOM: fog
 35916 | Spider:2 | XOM: god gift: scimitar {god gift}
 35923 | Spider:2 | Killed Arachne
 35923 | Spider:2 | Reached skill level 15 in Fighting
 36050 | Spider:2 | XOM: god gift: fine amethyst amulet {god gift}
 36081 | Spider:2 | Identified the amulet "Qeipsem" {RegenMP Int+5} (Xom gifted it to you on level 2 of the Spider Nest)
 36414 | Spider:2 | XOM: noise
 36543 | Spider:2 | XOM: fake destruction
 36716 | Spider:2 | XOM: summons 9 friendly demons
 36827 | Spider:3 | Reached XP level 18. HP: 147/149 MP: 24/24
 37052 | Spider:3 | XOM: scenery: create altars
 37058 | Spider:3 | XOM: cast spell 'Summon Hydra'
 37146 | Spider:4 | Entered Level 4 of the Spider Nest
 37324 | Spider:3 | XOM: give mutation
 37324 | Spider:3 | Gained mutation: You have a pair of small antennae on your head. [Xom's grace]
 37479 | Spider:4 | XOM: scenery: create altars
 37492 | Spider:3 | XOM: cleaving
 37679 | Spider:4 | XOM: polymorph orb spider -> black mamba
 37685 | Spider:4 | XOM: divination: detect items
 37690 | Spider:4 | XOM: confusion
 37699 | Spider:4 | XOM: enchant monster (bad)
 37853 | Spider:4 | Identified a book of Callings
 37919 | Spider:4 | XOM: 1-stop teleportation journey
 38158 | Spider:4 | XOM: noise
 38173 | Spider:4 | Reached skill level 15 in Armour
 38204 | Spider:4 | XOM: enchant monster (bad)
 38298 | Spider:4 | XOM: god gift: wand of iceblast (?/15) {god gift}
 38347 | Spider:4 | Noticed Louise
 38391 | Spider:3 | XOM: swap monsters
 38405 | Spider:3 | XOM: give mutations
 38405 | Spider:3 | Gained mutation: Your magical capacity is low. (-10% MP) [Xom's mischief]
 38405 | Spider:3 | Lost mutation: You are partially covered in large bone plates. (SH +4) [Xom's mischief]
 38405 | Spider:3 | Gained mutation: You are frail. (-10% HP) [Xom's mischief]
 38409 | Spider:3 | Reached skill level 15 in Dodging
 38412 | Spider:2 | HP: 40/135 [poisoned by a redback]
 38521 | Spider:3 | XOM: stat loss: -1 Dex (13/16)
 38563 | Spider:1 | You fall through a shaft!
 38606 | Spider:1 | XOM: torment (69/135 hp)
 38855 | Spider:2 | XOM: give mutations
 38855 | Spider:2 | Lost mutation: You are somewhat resistant to both further mutation and mutation removal. [Xom's mischief]
 38855 | Spider:2 | Gained mutation: You are resistant to hostile enchantments. (MR+) [Xom's mischief]
 38855 | Spider:2 | Gained mutation: You are very frail. (-20% HP) [Xom's mischief]
 38855 | Spider:2 | Lost mutation: Your flesh is cold resistant. (rC+) [Xom's mischief]
 39008 | Spider:4 | Killed Louise
 39008 | Spider:4 | XOM: divine lightning
 39014 | Spider:4 | XOM: enchant monster (bad)
 39073 | Spider:3 | XOM: polymorph wolf spider -> anaconda
 39300 | Spider:4 | Got an ichor-stained arbalest
 39398 | Spider:4 | XOM: divine lightning
 39410 | Spider:4 | Noticed Kirke
 39418 | Spider:4 | XOM: fog
 39448 | Spider:4 | XOM: enchant monster (good)
 39464 | Spider:4 | XOM: polymorph emperor scorpion -> storm dragon
 39467 | Spider:4 | XOM: cleaving
 39498 | Spider:4 | XOM: summons 7 friendly demons
 39499 | Spider:4 | XOM: divine lightning
 39561 | Spider:4 | XOM: summons 3 friendly demons
 39571 | Spider:4 | Killed Kirke
 39662 | Spider:4 | XOM: scenery: create altars
 39667 | Spider:4 | XOM: divine lightning
 39804 | Spider:4 | Reached skill level 16 in Fighting
 39828 | Spider:4 | XOM: noise
 39874 | Spider:4 | XOM: medium Hex miscast
 39925 | Spider:4 | Got a gossamer rune of Zot
 39941 | Spider:4 | XOM: divination: magic mapping
 39956 | Spider:4 | XOM: cleaving
 39977 | Spider:4 | Reached XP level 19. HP: 73/125 MP: 0/22
 39989 | Spider:4 | XOM: swap monsters
 40207 | Spider:1 | XOM: mild Chrm miscast
 40223 | Spider:2 | XOM: stat loss: -1 Dex (14/16)
 40242 | Spider:2 | XOM: give mutations
 40242 | Spider:2 | Lost mutation: Your mind is acute. (Int +2) [Xom's mischief]
 40242 | Spider:2 | Lost mutation: You are resistant to hostile enchantments. (MR+) [Xom's mischief]
 40242 | Spider:2 | Gained mutation: Armour fits poorly on your strangely shaped body. [Xom's mischief]
 40242 | Spider:2 | Lost mutation: Armour fits poorly on your strangely shaped body. [Xom's mischief]
 40385 | Shoals:1 | Entered Level 1 of the Shoals
 40405 | Lair:2   | XOM: silly message
 40449 | Lair:2   | XOM: fog
 40658 | Shoals:1 | XOM: harmless Chrm miscast
 40668 | Shoals:1 | XOM: 1-stop teleportation journey
 40746 | Shoals:1 | Got a coiled jade amulet
 40801 | Shoals:1 | XOM: mild Air miscast
 40901 | Shoals:1 | You fall through a shaft!
 40909 | Shoals:2 | XOM: confusion
 40974 | Shoals:2 | Found a frozen archway.
 41033 | Shoals:2 | Identified the amulet "Qoqeemeo" {Inacc Str+2 Int-5 SInv} (You found it on level 1 of the Shoals)
 41043 | IceCv    | Entered an ice cave
 41603 | IceCv    | XOM: scenery: create altars
 41734 | IceCv    | Reached skill level 16 in Armour
 41786 | IceCv    | Noticed an Ice Fiend
 41799 | IceCv    | XOM: mild Summ miscast
 41801 | IceCv    | Noticed a Hell Sentinel
 41801 | IceCv    | an Ice Fiend changed into a Hell Sentinel
 41801 | IceCv    | XOM: polymorph Ice Fiend -> Hell Sentinel
 41806 | IceCv    | XOM: scenery: create altars
 41808 | IceCv    | HP: 30/127 [Hell Sentinel/damnation (19)]
 41890 | IceCv    | Noticed an Ice Fiend
 41890 | IceCv    | a Hell Sentinel changed into an Ice Fiend
 41890 | IceCv    | XOM: polymorph Hell Sentinel -> Ice Fiend
 41906 | IceCv    | HP: 28/127 [??? (25)]
 41954 | IceCv    | XOM: harmless Air miscast
 41961 | IceCv    | HP: 35/127 [??? (33)]
 41962 | IceCv    | Noticed a Brimstone Fiend
 41962 | IceCv    | an Ice Fiend changed into a Brimstone Fiend
 41962 | IceCv    | XOM: polymorph Ice Fiend -> Brimstone Fiend
 42001 | IceCv    | XOM: enchant monster (good)
 42046 | IceCv    | XOM: scenery: create altars
 42085 | IceCv    | Killed a Brimstone Fiend
 42126 | IceCv    | Identified a book of Unlife
 42140 | IceCv    | Identified a +1 pair of boots of running (You found it in an ice cave)
 42223 | Shoals:1 | XOM: noise
 42226 | Shoals:1 | XOM: blink monster(s)
 42240 | Shoals:1 | XOM: destruction
 42364 | Shoals:1 | XOM: repel stairs
 42365 | Shoals:1 | XOM: confusion (+ monsters)
 42514 | D:11     | Identified the +8 arbalest "Ycabuthre" {penet, rElec} (You found it on level 4 of the Spider Nest)
 42531 | D:11     | Lost mutation: You are somewhat resistant to further mutation. [potion of mutation]
 42531 | D:11     | Lost mutation: You are partially covered in molten scales. (AC +2) [potion of mutation]
 42531 | D:11     | Gained mutation: You have sharp toenails. [potion of mutation]
 42531 | D:11     | Gained mutation: You evolve. [potion of mutation]
 42532 | D:11     | Lost mutation: Your magical capacity is low. (-10% MP) [potion of mutation]
 42532 | D:11     | Lost mutation: You are very frail. (-20% HP) [potion of mutation]
 42532 | D:11     | Lost mutation: You have sharp toenails. [potion of mutation]
 42532 | D:11     | Lost mutation: You have a pair of small antennae on your head. [potion of mutation]
 42532 | D:11     | Lost mutation: You evolve. [potion of mutation]
 42532 | D:11     | Lost mutation: You are frail. (-10% HP) [potion of mutation]
 42532 | D:11     | Gained mutation: You are partially covered in large bone plates. (SH +4) [potion of mutation]
 42532 | D:11     | Gained mutation: You are agile. (Dex +2) [potion of mutation]
 42694 | Shoals:1 | XOM: polymorph merfolk -> fire dragon
 42729 | Shoals:1 | XOM: enchant monster (bad)
 42735 | Shoals:1 | XOM: enchant monster (good)
 42743 | Shoals:1 | Reached skill level 16 in Dodging
 42794 | Shoals:1 | XOM: summons 1 hostile shadow creature
 42824 | Shoals:1 | XOM: 2-stop teleportation journey
 42865 | Shoals:1 | XOM: enchant monster (bad)
 42888 | Shoals:1 | XOM: draining
 43221 | Shoals:2 | XOM: 3-stop teleportation journey
 43258 | Shoals:1 | XOM: give mutation
 43258 | Shoals:1 | Gained mutation: You are frail. (-10% HP) [Xom's mischief]
 43436 | Shoals:2 | Noticed Frances
 43468 | Shoals:2 | Killed Frances
 43527 | Shoals:2 | XOM: chaos upgrade
 43551 | Shoals:2 | XOM: confusion
 43788 | Shoals:3 | XOM: confusion (+ monsters)
 43845 | Shoals:3 | XOM: divination: detect items
 43860 | Shoals:3 | XOM: confuse monster(s)
 44211 | Shoals:3 | XOM: cast spell 'Shadow Creatures'
 44673 | Shoals:4 | Entered Level 4 of the Shoals
 44705 | Shoals:4 | XOM: mild Hex miscast
 44732 | Shoals:4 | XOM: cast spell 'Call Canine Familiar'
 44738 | Shoals:4 | XOM: divination: detect creatures
 44742 | Shoals:3 | XOM: chaos upgrade
 44749 | Shoals:3 | XOM: mild Tmut miscast
 45006 | Shoals:4 | Noticed Ilsuiw
 45007 | Shoals:4 | XOM: mild Fire miscast
 45083 | Shoals:4 | XOM: enchant monster (good)
 45174 | Shoals:3 | XOM: cast spell 'Cause Fear'
 45286 | Shoals:4 | XOM: enchant monster (good)
 45290 | Shoals:4 | XOM: 2-stop teleportation journey
 45310 | Shoals:4 | XOM: blink monster(s)
 45311 | Shoals:4 | Reached skill level 17 in Fighting
 45331 | Shoals:4 | Reached XP level 20. HP: 117/151 MP: 26/26
 45416 | Shoals:4 | Got a scintillating iron ring
 45431 | Shoals:4 | Got a barnacled rune of Zot
 45436 | Shoals:4 | XOM: divination: detect items
 45450 | Shoals:4 | XOM: blink monster(s)
 45548 | Shoals:4 | Got a transparent platinum ring
 45645 | Shoals:4 | Identified the ring "Dowued" {rPois Str+3 Dex+6 SInv} (You found it on level 4 of the Shoals)
 45647 | Shoals:4 | Identified the ring of Xom's Fair Game {*Corrode +Inv rF++ Dex-3 SInv} (You found it on level 4 of the Shoals)
 45769 | Shoals:4 | XOM: cleaving
 46299 | Shoals:4 | XOM: mild Ice miscast
 46382 | Shoals:4 | XOM: summons friendly shadow imp
 46418 | Shoals:4 | XOM: polymorph shadow imp -> ufetubus
 46497 | Shoals:4 | XOM: mild Ice miscast
 46626 | Shoals:4 | Killed Ilsuiw
 46990 | Shoals:1 | XOM: give mutations
 46990 | Shoals:1 | Gained mutation: You are covered in fur. (AC +1) [Xom's mischief]
 46990 | Shoals:1 | Gained mutation: You are very frail. (-20% HP) [Xom's mischief]
 47055 | D:11     | Lost mutation: You are very frail. (-20% HP) [potion of mutation]
 47055 | D:11     | Lost mutation: You are agile. (Dex +2) [potion of mutation]
 47055 | D:11     | Lost mutation: You are partially covered in large bone plates. (SH +4) [potion of mutation]
 47055 | D:11     | Gained mutation: Your body sometimes deteriorates upon taking damage. [potion of mutation]
 47055 | D:11     | Gained mutation: Your spells are a little harder to cast, but a little more powerful. [potion of mutation]
 47055 | D:11     | Gained mutation: Your natural rate of healing is unusually fast. [potion of mutation]
 47056 | D:11     | Lost mutation: You are frail. (-10% HP) [potion of mutation]
 47056 | D:11     | Lost mutation: Your body sometimes deteriorates upon taking damage. [potion of mutation]
 47056 | D:11     | Gained mutation: Your system is resistant to poisons. (rPois) [potion of mutation]
 47056 | D:11     | Gained mutation: Your body sometimes deteriorates upon taking damage. [potion of mutation]
 47056 | D:11     | Lost mutation: Your system is resistant to poisons. (rPois) [potion of mutation]
 47056 | D:11     | Gained mutation: Your mind is acute. (Int +2) [potion of mutation]
 47186 | Vaults:1 | Entered Level 1 of the Vaults
 47259 | Vaults:1 | XOM: summons 1 hostile demon
 47343 | Vaults:1 | XOM: blink monster(s)
 47362 | Vaults:1 | Reached skill level 17 in Armour
 47533 | Vaults:1 | XOM: scenery: create altars
 47539 | Vaults:1 | XOM: potion effect (brilliance)
 47650 | Vaults:1 | XOM: scenery: create altars
 47654 | Vaults:1 | XOM: divination: detect items
 47670 | Vaults:1 | XOM: potion effect (brilliance)
 47925 | Vaults:1 | Reached skill level 17 in Dodging
 48037 | Vaults:1 | XOM: potion effect (haste)
 48039 | Vaults:1 | XOM: divine lightning
 48057 | Vaults:1 | XOM: summons 5 friendly demons
 48073 | Vaults:1 | XOM: scenery: 1 doors open
 48119 | Vaults:1 | XOM: cleaving
 48342 | Vaults:1 | XOM: cloud trail
 48452 | Vaults:2 | XOM: polymorph vault sentinel -> guardian serpent
 48563 | Vaults:2 | XOM: god gift: fruit
 48567 | Vaults:2 | XOM: enchant monster (good)
 48767 | Vaults:2 | Found a flickering gateway to a bazaar.
 48783 | Bazaar   | Entered a bazaar
 48800 | Bazaar   | Found Qaseiwka's Assorted Antiques.
 48815 | Bazaar   | Found Berimew's General Store.
 48815 | Bazaar   | Found Qaepulia's Armour Shoppe.
 48836 | Bazaar   | Found Sesch's Book Emporium.
 48836 | Bazaar   | Found Ujuklorph's Distillery.
 48857 | Bazaar   | Found Sisatoa's Assorted Antiques.
 48857 | Bazaar   | Found Vagh's General Store.
 48929 | Bazaar   | Bought a potion of might for 44 gold pieces
 48929 | Bazaar   | Bought a potion of haste for 110 gold pieces
 48929 | Bazaar   | Bought a potion of might for 44 gold pieces
 48963 | Bazaar   | Bought a scroll labeled CUDORA HUHOSI for 28 gold pieces
 48979 | Bazaar   | Bought a scroll of teleportation for 36 gold pieces
 49000 | Bazaar   | Bought a potion of curing for 33 gold pieces
 49000 | Bazaar   | Bought a potion of curing for 33 gold pieces
 49040 | Bazaar   | Bought a book of Spatial Translocations for 650 gold pieces
 49043 | Bazaar   | Learned a level 2 spell: Shroud of Golubria
 49046 | Bazaar   | Learned a level 2 spell: Blink
 49051 | Bazaar   | Learned a level 4 spell: Passage of Golubria
 49099 | Vaults:2 | Found Gozag's Antique Armour Shoppe.
 49118 | Vaults:2 | Reached skill level 1 in Translocations
 49125 | Vaults:2 | XOM: cast spell 'Necromutation'
 49141 | Vaults:2 | Reached skill level 2 in Translocations
 49149 | Vaults:2 | Found Gozag's Antique Weapon Emporium.
 49149 | Vaults:2 | Found an opulent altar of Gozag.
 49229 | Vaults:2 | Reached skill level 3 in Translocations
 49267 | Vaults:2 | Noticed a lich
 49272 | Vaults:2 | XOM: cleaving
 49282 | Vaults:2 | Reached skill level 4 in Translocations
 49302 | Vaults:2 | XOM: noise
 49308 | Vaults:2 | XOM: smoke on damage
 49310 | Vaults:2 | Killed a lich
 49310 | Vaults:2 | HP: 51/170 [xom (49)]
 49310 | Vaults:2 | XOM: torment (51/170 hp)
 49314 | Vaults:2 | Reached XP level 21. HP: 57/176 MP: 27/27
 49333 | Vaults:2 | Reached skill level 5 in Translocations
 49385 | Vaults:2 | Found Gozag's Antique Armour Shoppe.
 49517 | Vaults:2 | XOM: chaos upgrade
 49571 | Vaults:2 | XOM: 2-stop teleportation journey
 49630 | Vaults:2 | Reached skill level 6 in Translocations
 49703 | Vaults:2 | XOM: 3-stop teleportation journey
 49715 | Vaults:2 | XOM: polymorph ogre mage -> slime creature
 49722 | Vaults:2 | XOM: enchant monster (bad)
 49724 | Vaults:2 | XOM: confusion (+ monsters)
 49733 | Vaults:2 | XOM: 2-stop teleportation journey
 49808 | Vaults:2 | Reached skill level 7 in Translocations
 49811 | Vaults:2 | XOM: medium Tloc miscast
 49811 | Vaults:2 | Cast into level 3 of the Abyss (the capriciousness of Xom)
 49812 | Abyss:3  | Found a corrupted altar of Lugonu.
 49915 | Vaults:2 | Escaped the Abyss
 50050 | Vaults:2 | XOM: medium Tmut miscast
 50057 | Vaults:2 | XOM: polymorph deep troll -> swamp worm
 50065 | Vaults:2 | XOM: blink monster(s)
 50072 | Vaults:2 | XOM: noise
 50078 | Vaults:2 | Reached skill level 8 in Translocations
 50079 | Vaults:2 | XOM: 2-stop teleportation journey
 50129 | Vaults:2 | XOM: confusion
 50146 | Vaults:2 | XOM: summons 1 hostile shadow creature
 50148 | Vaults:2 | XOM: chaos upgrade
 50159 | Vaults:2 | XOM: harmless Pois miscast
 50228 | Vaults:2 | XOM: harmless Necr miscast
 50230 | Vaults:2 | XOM: summons 7 hostile demons
 50235 | Vaults:2 | XOM: chaos upgrade
 50278 | Vaults:2 | Reached skill level 5 in Charms
 50278 | Vaults:2 | Reached skill level 5 in Necromancy
 50533 | Vaults:2 | XOM: severe Chrm miscast
 50702 | Vaults:2 | XOM: god gift: ring of dexterity {god gift}
 50953 | Vaults:2 | XOM: harmless Pois miscast
 51111 | Vaults:2 | XOM: mild Pois miscast
 51301 | Vaults:2 | XOM: scenery: 2 doors close
 51324 | Vaults:2 | XOM: harmless Tmut miscast
 51341 | Vaults:2 | XOM: scenery: 3 doors close
 51477 | Vaults:1 | XOM: polymorph ironheart preserver -> storm dragon
 51480 | Vaults:1 | XOM: summons 4 friendly demons
 51681 | Vaults:1 | XOM: god gift: ivory morningstar {god gift}
 51696 | Vaults:1 | Got an ivory morningstar {god gift}
 51698 | Vaults:1 | Identified the +2 morningstar of Jier {chaos, rElec MR+++ Int-5 Dex+2} (Xom gifted it to you on level 1 of the Vaults)
 51719 | Vaults:1 | Found Nischil's Food Shoppe.
 51769 | Vaults:1 | Got a fine buckler
 51780 | Vaults:1 | Identified the +4 buckler "Umeifu" {Str+5} (You found it on level 1 of the Vaults)
 51821 | Vaults:1 | Reached skill level 6 in Charms
 51885 | Vaults:1 | Reached skill level 6 in Necromancy
 51980 | Vaults:1 | XOM: god gift: lamp of fire
 52266 | D:11     | XOM: scenery: create altars
 52373 | Elf:1    | XOM: stealth player
 52373 | Elf:1    | Entered Level 1 of the Elven Halls
 52635 | Elf:1    | XOM: enchant monster (good)
 53158 | Elf:1    | XOM is BORED!
 53158 | Elf:1    | XOM: medium Fire miscast
 53250 | Elf:1    | XOM: cast spell 'Dispersal'
 53265 | Elf:1    | XOM: divination: detect items
 53650 | Elf:2    | XOM: torment (89/176 hp)
 53663 | Elf:1    | XOM: summons 10 hostile demons
 53666 | Elf:2    | XOM: harmless Tmut miscast
 53668 | Elf:2    | XOM: chaos cloud
 53700 | Elf:2    | Reached skill level 18 in Fighting
 53735 | Elf:2    | Found a runed gate.
 53736 | Elf:2    | Found a runed gate.
 53737 | Elf:2    | Found a runed gate.
 53787 | Elf:2    | XOM: mild Tmut miscast
 53857 | Elf:2    | XOM: polymorph deep elf knight -> ettin
 53861 | Elf:2    | XOM: stat loss: -1 Dex (22/23)
 53903 | Elf:2    | XOM: 1-stop teleportation journey
 53977 | Elf:2    | Reached XP level 22. HP: 184/184 MP: 28/28
 54197 | Elf:2    | XOM: chaos upgrade
 54238 | Elf:2    | Noticed Jorgrun
 54257 | Elf:2    | Killed Jorgrun
 54332 | Elf:2    | XOM: give mutations
 54332 | Elf:2    | Gained mutation: You have a pair of small horns on your head. [Xom's mischief]
 54332 | Elf:2    | Lost mutation: Your spells are a little harder to cast, but a little more powerful. [Xom's mischief]
 54451 | Elf:2    | XOM: chaos cloud
 54596 | Elf:2    | XOM: give mutations
 54596 | Elf:2    | Gained mutation: You are somewhat resistant to further mutation. [Xom's grace]
 54596 | Elf:2    | Gained mutation: Your flesh is cold resistant. (rC+) [Xom's grace]
 54596 | Elf:2    | Gained mutation: Your muscles are strong. (Str +2) [Xom's grace]
 54596 | Elf:2    | Gained mutation: You have sharp fingernails. [Xom's grace]
 54625 | Elf:2    | XOM: cloud trail
 54748 | Elf:2    | XOM: summons 3 friendly demons
 54753 | Elf:2    | XOM: divine lightning
 54754 | Elf:2    | XOM: enchant monster (good)
 54763 | Elf:2    | XOM: enchant monster (good)
 54764 | Elf:2    | XOM: confuse monster(s)
 55155 | D:11     | XOM: god gift: hand crossbow {god gift}
 55281 | D:12     | Bought crude pearl dragon scales for 3105 gold pieces
 55291 | D:12     | Identified the +8 pearl dragon scales of Moral Flaws {rF+ rN+ rCorr Slay+2} (You bought it in a shop on level 12 of the Dungeon)
 55291 | D:12     | good enough
 55586 | Vaults:3 | Found Ekkixet's Distillery.
 55622 | Vaults:3 | XOM: 7-stop teleportation journey
 55679 | Vaults:3 | XOM: 2-stop teleportation journey
 55721 | Vaults:3 | XOM: 1-stop teleportation journey
 55794 | Vaults:3 | XOM: smoke on damage
 55803 | Vaults:3 | XOM: noise
 55804 | Vaults:3 | XOM: torment (103/184 hp)
 55807 | Vaults:3 | Reached skill level 15 in Maces & Flails
 55835 | Vaults:3 | XOM: blink monster(s)
 56002 | Vaults:3 | XOM: enchant monster (good)
 56024 | Vaults:3 | XOM: enchant monster (good)
 56176 | Vaults:3 | XOM: summons friendly crimson imp
 56201 | Vaults:3 | XOM: harmless Tloc miscast
 56295 | Vaults:3 | Reached skill level 16 in Maces & Flails
 56301 | Vaults:3 | XOM: harmless Ice miscast
 56519 | Vaults:3 | XOM: harmless Ice miscast
 56524 | Vaults:3 | Reached skill level 6 in Evocations
 56571 | Vaults:3 | Found a staircase to the Crypt.
 56571 | Vaults:3 | Found a basalt altar of Yredelemnul.
 56572 | Vaults:3 | Found an ancient bone altar of Kikubaaqudgha.
 56586 | Crypt:1  | Entered Level 1 of the Crypt
 56730 | Crypt:2  | XOM: stealth player
 56758 | Crypt:2  | XOM: confuse monster(s)
 56761 | Crypt:2  | Reached skill level 7 in Evocations
 56807 | Crypt:2  | XOM: harmless Conj miscast
 56817 | Crypt:2  | XOM: divination: detect creatures
 56878 | Crypt:1  | XOM: confuse monster(s)
 57018 | Crypt:2  | XOM: fake destruction
 57026 | Crypt:2  | Reached skill level 8 in Evocations
 57036 | Crypt:2  | Reached XP level 23. HP: 189/190 MP: 26/29
 57244 | Crypt:3  | Entered Level 3 of the Crypt
 57244 | Crypt:3  | XOM: confuse monster(s)
 57314 | Crypt:3  | XOM: divine lightning
 57317 | Crypt:3  | Reached skill level 9 in Evocations
 57372 | Crypt:3  | XOM: enchant monster (good)
 57456 | Crypt:3  | XOM: summons 6 friendly demons
 57744 | Crypt:3  | Reached skill level 10 in Evocations
 57796 | Crypt:2  | Reached skill level 18 in Armour
 57801 | Crypt:2  | Reached skill level 18 in Dodging
 58193 | Crypt:3  | XOM: chaos upgrade
 58200 | Crypt:3  | XOM: harmless Chrm miscast
 58475 | Crypt:3  | Found a staircase to the Tomb.
 58609 | Crypt:3  | XOM: blink monster(s)
 58615 | Crypt:3  | XOM: confuse monster(s)
 58706 | Crypt:3  | XOM: 2-stop teleportation journey
 58797 | Crypt:3  | Identified Jef Quo's Tome of Dark Secrets
 58898 | Crypt:3  | XOM: harmless Ice miscast
 58901 | Crypt:3  | XOM: harmless Conj miscast
 58931 | Crypt:3  | XOM: summons friendly ufetubus
 58951 | Crypt:3  | XOM: confusion
 58977 | Crypt:3  | XOM: summons 5 friendly demons
 58980 | Crypt:3  | XOM: polymorph shadow imp -> white imp
 58989 | Crypt:3  | XOM: harmless Air miscast
 59272 | Crypt:1  | Noticed Mennas
 59285 | Crypt:1  | XOM: blink monster(s)
 59286 | Crypt:1  | XOM: 2-stop teleportation journey
 59337 | Crypt:3  | XOM: confusion (+ monsters)
 59342 | Crypt:3  | XOM: harmless Tmut miscast
 59389 | Crypt:3  | XOM: 4-stop teleportation journey
 59560 | Crypt:3  | Got a polished ring mail
 59596 | Crypt:3  | Identified a book of Misfortune
 59614 | Crypt:3  | XOM: harmless Conj miscast
 59779 | Crypt:3  | XOM: harmless Fire miscast
 59781 | Crypt:3  | XOM: mild Hex miscast
 59816 | Crypt:3  | Identified the cursed +1 ring mail "Uceosaij" {+Blink rElec rF- Int-3} (You found it on level 3 of the Crypt)
 59845 | Crypt:3  | Reached skill level 5 in Spellcasting
 59886 | Crypt:2  | XOM: confusion (+ monsters)
 59897 | Crypt:2  | XOM: mild Summ miscast
 59901 | Crypt:2  | XOM: confusion (+ monsters)
 59947 | Crypt:2  | XOM: destruction
 59962 | Crypt:2  | XOM: potion effect (heal wounds)
 59965 | Crypt:2  | XOM: summons 3 friendly demons
 59974 | Crypt:2  | XOM: harmless Summ miscast
 59981 | Crypt:2  | Killed Mennas
 59981 | Crypt:2  | Reached skill level 6 in Spellcasting
 59981 | Crypt:2  | Reached XP level 24. HP: 160/199 MP: 31/32
 60342 | Vaults:3 | XOM: give mutations
 60342 | Vaults:3 | Gained mutation: You are partially covered in slimy green scales. (AC +2) [Xom's grace]
 60342 | Vaults:3 | Gained mutation: You are resistant to hostile enchantments. (MR+) [Xom's grace]
 60342 | Vaults:3 | Gained mutation: You heal very quickly. [Xom's grace]
 60342 | Vaults:3 | Gained mutation: Your flesh is heat resistant. (rF+) [Xom's grace]
 60365 | Vaults:3 | Reached skill level 7 in Spellcasting
 60446 | Vaults:3 | XOM: scenery: 2 doors close
 60486 | Vaults:3 | XOM: enchant monster (good)
 60590 | Vaults:3 | XOM: cleaving
 60598 | Vaults:3 | Reached skill level 8 in Spellcasting
 60961 | Vaults:4 | Reached skill level 11 in Evocations
 60975 | Vaults:4 | XOM: divination: detect items
 60978 | Vaults:4 | Found Amif's Food Shop.
 60987 | Vaults:4 | Found Yconigeo's Assorted Antiques.
 60991 | Vaults:4 | Noticed Frederick
 60992 | Vaults:4 | XOM: fog
 61001 | Vaults:4 | Noticed Xtahua
 61002 | Vaults:4 | XOM: destruction
 61010 | Vaults:4 | Killed Frederick
 61022 | Vaults:4 | Killed Xtahua
 61081 | Vaults:4 | Found Nogroxu's Antique Weapon Shop.
 61156 | Vaults:4 | Noticed Jory
 61170 | Vaults:4 | Killed Jory
 61170 | Vaults:4 | Reached skill level 12 in Evocations
 61444 | Vaults:4 | Found Jaij's Weapon Emporium.
 61616 | Vaults:4 | Found Voukhiull's Gadget Shoppe.
 61621 | Vaults:4 | Reached skill level 13 in Evocations
 61626 | Vaults:4 | XOM: 4-stop teleportation journey
 61853 | Vaults:4 | XOM: god gift: 12 stones
 61877 | Vaults:4 | XOM: give mutations
 61877 | Vaults:4 | Gained mutation: You have large cloven feet. [Xom's grace]
 61877 | Vaults:4 | Gained mutation: You have hoof-like feet. [Xom's grace]
 61877 | Vaults:4 | Gained mutation: You possess an exceptional clarity of mind. [Xom's grace]
 61877 | Vaults:4 | Gained mutation: Your mind is very acute. (Int +4) [Xom's grace]
 62008 | Vaults:3 | Learned a level 2 spell: Corpse Rot
 62484 | D:12     | XOM: swap monsters
 62543 | D:11     | Learned a level 4 spell: Animate Dead
 62699 | Elf:3    | Identified a paperback manual
 62699 | Elf:3    | Entered Level 3 of the Elven Halls
 62843 | Elf:3    | Found a radiant altar of Vehumet.
 63051 | Elf:3    | XOM: harmless Pois miscast
 63131 | Elf:3    | XOM: give mutations
 63131 | Elf:3    | Lost mutation: You are resistant to hostile enchantments. (MR+) [Xom's mischief]
 63131 | Elf:3    | Lost mutation: Your body sometimes deteriorates upon taking damage. [Xom's mischief]
 63131 | Elf:3    | Lost mutation: You heal very quickly. [Xom's mischief]
 63612 | Elf:3    | XOM: harmless Ice miscast
 63619 | Elf:3    | XOM: potion effect (curing)
 63624 | Elf:3    | Reached skill level 14 in Evocations
 63764 | Elf:3    | Reached XP level 25. HP: 205/205 MP: 35/35
 63789 | Elf:3    | XOM: potion effect (brilliance)
 63791 | Elf:3    | XOM: potion effect (might)
 64154 | Elf:3    | XOM: mild Hex miscast
 64249 | Elf:3    | XOM: divination: detect items
 64281 | Elf:3    | XOM: harmless Pois miscast
 64285 | Elf:3    | XOM: cast spell 'Cause Fear'
 64423 | Elf:3    | XOM: confuse monster(s)
 64425 | Elf:3    | Reached skill level 15 in Evocations
 64512 | Elf:3    | XOM: noise
 64516 | Elf:3    | Reached skill level 5 in Summonings
 64543 | Elf:3    | Reached skill level 6 in Summonings
 64616 | Elf:3    | Got a transparent plate armour
 64616 | Elf:3    | Got a bound marble ring
 64727 | Elf:3    | Cast into level 2 of the Abyss (a deep elf demonologist)
 64789 | Abyss:2  | XOM: divination: magic mapping
 64853 | Abyss:2  | Found a shadowy altar of Dithmenos.
 65037 | Abyss:2  | XOM: destruction
 65093 | Elf:3    | Escaped the Abyss
 65141 | Elf:3    | Identified the Volume of Fiery Transmutation
 65195 | Elf:3    | Identified a book of Burglary
 65199 | Elf:3    | Learned a level 2 spell: Swiftness
 65202 | Elf:3    | Learned a level 2 spell: Passwall
 65263 | Elf:3    | Identified Sif Muna's Grimoire of Lethal Earth
 65342 | Elf:3    | Identified the ring of Ress {rF+ Int+4} (You took it off a deep elf high priest on level 3 of the Elven Halls)
 65345 | Elf:3    | Identified the +4 plate armour of the Equator {Str+3 Int+4} (You took it off a deep elf high priest on level 3 of the Elven Halls)
 65428 | Elf:3    | XOM: mild Hex miscast
 65431 | Elf:3    | Reached skill level 7 in Summonings
 65433 | Elf:3    | Reached skill level 1 in Air Magic
 65746 | D:11     | XOM: harmless Summ miscast
 66011 | Elf:3    | XOM: harmless Erth miscast
 66058 | Elf:1    | XOM: harmless Chrm miscast
 66064 | Elf:1    | Reached skill level 1 in Earth Magic
 66197 | D:11     | XOM: give mutation
 66197 | D:11     | Lost mutation: You are partially covered in slimy green scales. (AC +2) [Xom's mischief]
 66211 | D:11     | XOM: harmless Hex miscast
 66276 | D:14     | XOM: give mutations
 66276 | D:14     | Lost mutation: You have a pair of small horns on your head. [Xom's mischief]
 66276 | D:14     | Gained mutation: Your spells are a little easier to cast, but a little less powerful. [Xom's mischief]
 66325 | Vaults:2 | Bought a crude cloak for 950 gold pieces
 66325 | Vaults:2 | Bought a scorched cloak for 950 gold pieces
 66335 | Vaults:2 | Identified the +2 cloak of Weyzxuc {Dex+4} (You bought it in a shop on level 2 of the Vaults)
 66345 | Vaults:2 | Identified the +0 cloak "Buehov" {-Tele rN+ Dex+2} (You bought it in a shop on level 2 of the Vaults)
 66426 | D:12     | XOM: polymorph seven-headed hydra -> entropy weaver
 66434 | D:12     | Reached skill level 7 in Necromancy
 66493 | D:11     | Upgraded the game from 0.20-a0-1065-g8446734 to 0.20-a0-1074-g6a0a8e1
 66497 | D:11     | Learned a level 3 spell: Lesser Beckoning
 66616 | Depths:1 | Entered Level 1 of the Depths
 66631 | Depths:1 | Reached skill level 2 in Air Magic
 66631 | Depths:1 | Reached skill level 2 in Earth Magic
 66731 | Depths:1 | XOM: god gift: 420 gold pieces
 66732 | Depths:1 | Reached skill level 7 in Charms
 66739 | Depths:1 | XOM: scenery: create altars
 66755 | Depths:1 | Reached skill level 1 in Transmutations
 66792 | Depths:1 | Found Ruilout's Gadget Boutique.
 66796 | Depths:1 | Found Humech's Antique Armour Shop.
 66798 | Depths:1 | Found Nusyllel's Antique Armour Boutique.
 66813 | Depths:1 | Found a gateway to Hell.
 66813 | Depths:1 | XOM: scenery: 1 doors open
 66893 | Depths:1 | Reached skill level 2 in Transmutations
 66908 | Hell     | Entered the Vestibule of Hell
 66908 | Hell     | Noticed Geryon
 66949 | Hell     | XOM: noise
 66956 | Hell     | XOM: noise
 66979 | Hell     | Reached skill level 3 in Transmutations
 66983 | Hell     | Reached skill level 3 in Air Magic
 66983 | Hell     | Reached skill level 3 in Earth Magic
 67059 | Hell     | XOM: cast spell 'Dispersal'
 67080 | Hell     | Killed Geryon
 67142 | Hell     | XOM: enchant monster (bad)
 67145 | Hell     | Reached skill level 4 in Air Magic
 67145 | Hell     | Reached skill level 4 in Earth Magic
 67154 | Hell     | Reached skill level 4 in Transmutations
 67179 | Hell     | XOM: destruction
 67190 | Hell     | XOM: enchant monster (good)
 67193 | Hell     | XOM: swap monsters
 67219 | Hell     | XOM: confuse monster(s)
 67254 | Hell     | Reached skill level 9 in Translocations
 67291 | Hell     | Found a gateway to the freezing wastes of Cocytus.
 67291 | Hell     | XOM: 4-stop teleportation journey
 67298 | Hell     | Reached XP level 26. HP: 212/212 MP: 35/35
 67300 | Hell     | XOM: chaos upgrade
 67324 | Hell     | Found a gateway to the Iron City of Dis.
 67338 | Hell     | XOM: harmless Summ miscast
 67352 | Hell     | XOM: summons 4 hostile demons
 67478 | Hell     | Reached skill level 10 in Translocations
 67486 | Hell     | XOM: 1-stop teleportation journey
 67531 | Hell     | Found a gateway to the decaying netherworld of Tartarus.
 67582 | Hell     | Found a gateway to the ashen valley of Gehenna.
 67806 | Hell     | XOM: harmless Hex miscast
 67925 | Depths:1 | Found a one-way gate to the infinite horrors of the Abyss.
 68081 | Depths:1 | XOM: chaos cloud
 68231 | Depths:1 | Reached skill level 11 in Translocations
 68259 | Depths:1 | XOM: give mutations
 68259 | Depths:1 | Lost mutation: Your natural rate of healing is unusually fast. [Xom's mischief]
 68259 | Depths:1 | Gained mutation: You occasionally shout uncontrollably at your foes. [Xom's mischief]
 68271 | Depths:1 | Reached skill level 19 in Dodging
 68517 | Depths:1 | Found a one-way gate leading to the halls of Pandemonium.
 68656 | Hell     | XOM: god gift: 43 gold pieces
 68799 | Depths:2 | Found a gateway to a ziggurat.
 68812 | Depths:2 | XOM: summons 12 friendly demons
 68832 | Depths:2 | Found an iron altar of Okawaru.
 68832 | Depths:2 | Found a shimmering altar of Xom.
 68833 | Depths:2 | Found an iron altar of Okawaru.
 68907 | Depths:2 | XOM: confuse monster(s)
 68916 | Depths:2 | Reached skill level 19 in Armour
 68931 | Depths:2 | XOM: cleaving
 68954 | Depths:2 | Paralysed by a floating eye for 3 turns
 68976 | Depths:2 | XOM: divination: detect creatures
 68977 | Depths:2 | XOM: scenery: create altars
 69100 | Depths:2 | Paralysed by a great orb of eyes for 6 turns
 69501 | Depths:2 | Reached skill level 19 in Fighting
 69560 | Depths:2 | XOM: cast spell 'Summon Dragon'
 69580 | Depths:2 | XOM: fog
 69701 | Depths:2 | Reached XP level 27. HP: 221/221 MP: 35/35
 69718 | Depths:2 | XOM: enchant monster (good)
 69902 | Depths:2 | XOM: chaos cloud
 69904 | Depths:2 | Paralysed by you for 5 turns
 70111 | Depths:3 | XOM: scenery: create altars
 70147 | Depths:3 | XOM: silly message
 70233 | Depths:3 | XOM: scenery: create altars
 70254 | Depths:3 | XOM: divination: magic mapping
 70278 | Depths:3 | XOM: summons friendly ufetubus
 70290 | Depths:3 | Reached skill level 20 in Dodging
 70385 | Depths:3 | XOM: summons 2 hostile shadow creatures
 70677 | Depths:3 | XOM: summons 2 friendly demons
 70700 | Depths:3 | Reached skill level 20 in Armour
 70892 | Depths:3 | XOM: god gift: lightning rod (4/4)
 70933 | Depths:3 | XOM: silly message
 70966 | Depths:4 | XOM: smoke on damage
 71083 | Depths:4 | XOM: 1-stop teleportation journey
 71266 | Depths:4 | XOM: 4-stop teleportation journey
 71377 | Depths:4 | XOM: confuse monster(s)
 71378 | Depths:4 | XOM: divination: detect items
 71379 | Depths:4 | XOM: enchant monster (good)
 71519 | Depths:4 | Found a portal to a secret trove of treasure.
 71640 | Depths:4 | XOM: potion effect (agility)
 71951 | Depths:4 | XOM: silly message
 72034 | Depths:5 | Entered Level 5 of the Depths
 72075 | Depths:5 | XOM: potion effect (invisibility)
 72113 | Depths:5 | Reached skill level 20 in Fighting
 72119 | Depths:5 | Found a gate to the Realm of Zot.
 72126 | Depths:5 | XOM: harmless Tmut miscast
 72398 | Depths:5 | XOM: harmless Summ miscast
 72473 | Depths:5 | XOM: harmless Pois miscast
 72583 | Depths:5 | XOM: harmless Necr miscast
 72632 | Depths:5 | Found a basalt altar of Yredelemnul.
 73019 | Depths:4 | XOM: cloud trail
 73109 | Depths:1 | XOM: scenery: create altars
 73254 | D:11     | Learned a level 5 spell: Dispel Undead
 73260 | D:11     | Learned a level 5 spell: Lee's Rapid Deconstruction
 73380 | Depths:1 | XOM: cloud trail
 73651 | Depths:4 | You paid a toll of +3 ice dragon scales to enter a treasure trove
 73652 | Trove    | Entered a treasure trove
 73657 | Trove    | Got a pitted plate armour
 73659 | Trove    | Got a faintly glowing helmet
 73668 | Trove    | Got a pair of polished boots
 73674 | Trove    | Got a spiked plate armour
 73680 | Trove    | Got a pair of transparent boots
 73688 | Trove    | Got a pair of translucent boots
 73869 | Hell     | Identified the +1 helmet of Amelioration {Int+6} (You found it in a treasure trove)
 73879 | Hell     | Identified the +0 plate armour of the Beekeeper {rF+ rN+ Dex+2 Slay-4} (You found it in a treasure trove)
 73889 | Hell     | Identified the cursed +1 plate armour "Xucsoloj" {rF+ Int+5} (You found it in a treasure trove)
 73899 | Hell     | Identified the +1 pair of boots of Cutaill {+Blink} (You found it in a treasure trove)
 73909 | Hell     | Identified the +2 pair of boots "Xitho" {rN+} (You found it in a treasure trove)
 73919 | Hell     | Identified the +0 pair of boots of Uqulliy {rN++ MP+9} (You found it in a treasure trove)
 74158 | D:15     | XOM: god gift: amulet of inaccuracy {god gift}
 74217 | Vaults:1 | XOM: cloud trail
 74273 | Vaults:3 | XOM: cast spell 'Necromutation'
 74323 | Vaults:5 | Entered Level 5 of the Vaults
 74327 | Vaults:5 | XOM: cast spell 'Summon Hydra'
 74351 | Vaults:5 | XOM: fog
 74368 | Vaults:5 | XOM: summons 3 friendly demons
 74391 | Vaults:5 | XOM: mild Necr miscast
 74396 | Vaults:5 | Reached skill level 21 in Dodging
 74401 | Vaults:5 | XOM: confuse monster(s)
 74437 | Vaults:5 | XOM: cast spell 'Call Canine Familiar'
 74466 | Vaults:5 | Reached skill level 21 in Armour
 74546 | Vaults:5 | Noticed an ancient lich
 74560 | Vaults:5 | XOM: fake destruction
 74570 | Vaults:5 | XOM: medium Conj miscast
 74573 | Vaults:5 | Killed an ancient lich
 74612 | Vaults:5 | XOM: scenery: 1 doors close
 74721 | Vaults:5 | Got an encrusted scale mail
 74724 | Vaults:5 | XOM: harmless Ice miscast
 74741 | Vaults:5 | XOM: stat loss: -1 Str (28/29)
 74814 | Vaults:5 | XOM: 3-stop teleportation journey
 74971 | Vaults:5 | Reached skill level 21 in Fighting
 75081 | Vaults:5 | Identified a book of Clouds
 75133 | Vaults:5 | XOM: enchant monster (bad)
 75150 | Vaults:5 | XOM: enchant monster (good)
 75246 | Vaults:5 | Reached skill level 22 in Armour
 75312 | Vaults:5 | Identified the Compendium of Helpful Darkness
 75346 | Vaults:5 | XOM: summons friendly iron imp
 75357 | Vaults:5 | XOM: cast spell 'Leda's Liquefaction'
 75382 | Vaults:5 | XOM: confuse monster(s)
 75384 | Vaults:5 | XOM: divination: detect items
 75420 | Vaults:5 | XOM: cast spell 'Death Channel'
 75462 | Vaults:5 | Reached skill level 22 in Dodging
 75536 | Vaults:5 | Reached skill level 1 in Stealth
 75549 | Vaults:5 | Identified the Catalogue of Excruciating Lightness
 75637 | Vaults:5 | Found Anlutite's Gadget Shop.
 75638 | Vaults:5 | Found Viysaf's Antique Weapon Emporium.
 75640 | Vaults:5 | Found Rerusem's Gadget Shop.
 75653 | Vaults:5 | Reached skill level 2 in Stealth
 75789 | Vaults:5 | Reached skill level 3 in Stealth
 75805 | Vaults:5 | Reached skill level 4 in Stealth
 75931 | Vaults:5 | Found Abankube's Book Boutique.
 75935 | Vaults:5 | Got a silver rune of Zot
 76045 | Vaults:5 | Identified the cursed +0 scale mail of the Saviour {*Contam rPois Dex+3} (You found it on level 5 of the Vaults)
 76066 | Vaults:5 | Learned a level 3 spell: Spectral Weapon
 76161 | Vaults:3 | XOM: scenery: 2 doors close
 76162 | Vaults:3 | Bought a potion of heal wounds for 100 gold pieces
 76162 | Vaults:3 | Bought a potion of cancellation for 160 gold pieces
 76166 | Vaults:3 | XOM: fake destruction
 76168 | Vaults:3 | Reached skill level 5 in Stealth
 76340 | Depths:1 | XOM: scenery: create altars
 76372 | Hell     | Learned a level 2 spell: Sublimation of Blood
 76379 | Hell     | Learned a level 6 spell: Deflect Missiles
 76475 | D:15     | XOM: silly message
 76681 | Slime:1  | Entered Level 1 of the Pits of Slime
 76692 | Slime:1  | Reached skill level 5 in Air Magic
 76703 | Slime:1  | XOM: 2-stop teleportation journey
 76722 | Slime:1  | Reached skill level 6 in Air Magic
 76733 | Slime:1  | XOM: repel stairs
 76739 | Slime:1  | Reached skill level 7 in Air Magic
 76850 | Slime:2  | Noticed Dissolution
 76850 | Slime:2  | XOM: scenery: create altars
 76870 | Slime:2  | Paralysed by a floating eye for 4 turns
 76876 | Slime:2  | XOM: potion effect (might)
 76882 | Slime:2  | XOM: potion effect (agility)
 76883 | Slime:2  | XOM: divination: magic mapping
 76889 | Slime:1  | XOM: potion effect (haste)
 76894 | Slime:1  | Killed Dissolution
 76894 | Slime:1  | Reached skill level 9 in Air Magic
 76936 | Slime:3  | XOM: potion effect (brilliance)
 76943 | Slime:2  | Reached skill level 10 in Air Magic
 76946 | Slime:2  | XOM: harmless Ice miscast
 76956 | Slime:3  | XOM: fog
 76983 | Slime:3  | XOM: destruction
 76988 | Slime:3  | Reached skill level 11 in Air Magic
 76998 | Slime:3  | XOM: divine lightning
 77033 | Slime:4  | Gained mutation: You are frail. (-10% HP) [a shining eye]
 77053 | Slime:5  | Entered Level 5 of the Pits of Slime
 77060 | Slime:5  | XOM: god gift: potion of curing
 77067 | Slime:5  | Reached skill level 12 in Air Magic
 77152 | Slime:5  | Reached skill level 8 in Charms
 77187 | Slime:5  | Found a viscous altar of Jiyva.
 77188 | Slime:5  | Noticed the Royal Jelly
 77207 | Slime:5  | XOM: divine lightning
 77218 | Slime:5  | Killed the Royal Jelly
 77218 | Slime:5  | Reached skill level 13 in Air Magic
 77243 | Slime:5  | XOM: 2-stop teleportation journey
 77338 | Slime:5  | XOM: polymorph azure jelly -> dire elephant
 77347 | Slime:5  | XOM: draining
 77370 | Slime:5  | Identified a book of Dreams
 77377 | Slime:5  | Got a scorched leather armour
 77384 | Slime:5  | Got a sparkling ivory ring
 77432 | Slime:5  | Identified a Necronomicon
 77440 | Slime:5  | Got a smoking pewter ring
 77458 | Slime:5  | Got a twitching granite ring
 77461 | Slime:5  | Identified a book of Summonings
 77464 | Slime:5  | Got a slimy rune of Zot
 77465 | Slime:5  | Identified a book of Geomancy
 77505 | Slime:5  | XOM: mild Necr miscast
 77603 | Slime:5  | Reached skill level 9 in Charms
 77704 | Lair:3   | XOM: mild Tloc miscast
 77769 | D:11     | Identified the ring "Lerirch" {+Inv rPois MR+ Stlth-} (You found it on level 5 of the Pits of Slime)
 77771 | D:11     | Identified the ring "Ivinos" {*Corrode +Fly rN+ Int+3 Slay-5} (You found it on level 5 of the Pits of Slime)
 77773 | D:11     | Identified the ring of Coronation {MR+ Str+3 Stlth+} (You found it on level 5 of the Pits of Slime)
 77962 | Orc:2    | Bought a bloodstained crystal plate armour for 2380 gold pieces
 77972 | Orc:2    | Identified the +13 crystal plate armour of Objectivity {Dex+2 Stlth+} (You bought it in a shop on level 2 of the Orcish Mines)
 78261 | Pan      | Entered Pandemonium
 78268 | Pan      | XOM: cleaving
 78281 | Pan      | Entered the realm of Lom Lobon.
 78287 | Pan      | XOM: cleaving
 78308 | Pan      | XOM: cast spell 'Disjunction'
 78312 | Pan      | Reached skill level 5 in Earth Magic
 78360 | Pan      | XOM: stat loss: -1 Str (28/29)
 78375 | Pan      | XOM: give mutations
 78375 | Pan      | Lost mutation: Your flesh is heat resistant. (rF+) [Xom's mischief]
 78375 | Pan      | Lost mutation: Your mind is very acute. (Int +4) [Xom's mischief]
 78375 | Pan      | Lost mutation: Your muscles are strong. (Str +2) [Xom's mischief]
 78375 | Pan      | Gained mutation: Your flesh is very cold resistant. (rC++) [Xom's mischief]
 78444 | Pan      | Reached skill level 6 in Earth Magic
 78564 | Pan      | Noticed Lom Lobon
 78587 | Pan      | XOM: medium Pois miscast
 78636 | Pan      | XOM: potion effect (agility)
 78650 | Pan      | XOM: divination: magic mapping
 78684 | Pan      | XOM: cast spell 'Summon Mana Viper'
 78696 | Pan      | XOM: confuse monster(s)
 78713 | Pan      | XOM: polymorph Lom Lobon -> Lom Lobon
 78720 | Pan      | Killed Lom Lobon
 78720 | Pan      | Reached skill level 7 in Earth Magic
 78746 | Pan      | Got a magical rune of Zot
 78749 | Pan      | XOM: scenery: 1 doors close
 78913 | Pan      | XOM: stealth player
 78916 | Pan      | HP: 57/204 [??? (44)]
 78917 | Pan      | HP: 19/204 [Brimstone Fiend/damnation (39)]
 79138 | Pan      | XOM: summons 8 friendly demons
 79156 | Pan      | XOM: confuse monster(s)
 79161 | Pan      | Reached skill level 8 in Earth Magic
 79201 | Pan      | Found an exit through the horrors of the Abyss.
 79201 | Pan      | XOM: 6-stop teleportation journey
 79295 | Pan      | XOM: cleaving
 79505 | Pan      | Reached skill level 9 in Earth Magic
 79569 | Pan      | Entered the realm of Gloorx Vloq.
 79599 | Pan      | XOM: polymorph Executioner -> Executioner
 79601 | Pan      | XOM: fog
 79914 | Pan      | XOM: divination: detect creatures
 79971 | Pan      | XOM: scenery: create altars
 79973 | Pan      | XOM: swap monsters
 80028 | Pan      | Reached skill level 10 in Earth Magic
 80072 | Pan      | XOM: enchant monster (good)
 80076 | Pan      | XOM: mild Pois miscast
 80103 | Pan      | Noticed Gloorx Vloq
 80118 | Pan      | XOM: confuse monster(s)
 80166 | Pan      | Reached skill level 12 in Translocations
 80224 | Pan      | XOM: divination: magic mapping
 80294 | Pan      | HP: 55/204 [??? (34)]
 80299 | Pan      | HP: 47/203 [poisoned by Gloorx Vloq (dark miasma)]
 80301 | Pan      | HP: 21/203 [titan skeleton (26)]
 80306 | Pan      | HP: 22/203 [poisoned by Gloorx Vloq (dark miasma)]
 80311 | Pan      | HP: 25/203 [poisoned by Gloorx Vloq (dark miasma)]
 80317 | Pan      | HP: 30/203 [poisoned by Gloorx Vloq (dark miasma)]
 80322 | Pan      | HP: 35/203 [poisoned by Gloorx Vloq (dark miasma)]
 80329 | Pan      | HP: 43/203 [poisoned by Gloorx Vloq (dark miasma)]
 80329 | Pan      | XOM: potion effect (curing)
 80422 | Pan      | XOM: potion effect (invisibility)
 80424 | Pan      | XOM: silly message
 80536 | Pan      | HP: 48/205 [??? (29)]
 80539 | Pan      | HP: 19/205 [??? (10)]
 80545 | Pan      | HP: 43/205 [soul eater/drain life (3)]
 80551 | Pan      | Got a dark rune of Zot
 80577 | Pan      | XOM: scenery: create altars
 80585 | Pan      | Killed Gloorx Vloq
 80585 | Pan      | Reached skill level 13 in Translocations
 80674 | Pan      | XOM: summons 2 hostile shadow creatures
 80788 | Pan      | Noticed Neptyfi the pandemonium lord
 80829 | Pan      | XOM: scenery: create altars
 80850 | Depths:1 | Escaped Pandemonium
 80920 | Depths:1 | XOM: chaos cloud
 81162 | Vaults:5 | Paralysed by a great orb of eyes for 6 turns
 81199 | Vaults:5 | Bought a book of Cantrips for 400 gold pieces
 81201 | Vaults:5 | Learned a level 1 spell: Apportation
 81203 | Vaults:5 | Learned a level 1 spell: Animate Skeleton
 81366 | Vaults:2 | XOM: fake destruction
 81663 | Depths:1 | XOM: give mutation
 81663 | Depths:1 | Gained mutation: You have a beak for a mouth. [Xom's grace]
 81721 | Pan      | Entered Pandemonium
 81725 | Pan      | XOM: cast spell 'Monstrous Menagerie'
 81726 | Pan      | XOM: summons friendly iron imp
 81843 | Pan      | Reached skill level 14 in Translocations
 81913 | Pan      | XOM: god gift: staff of wizardry {god gift}
 81938 | Pan      | XOM: polymorph Executioner -> Executioner
 81947 | Pan      | XOM: summons 2 friendly demons
 82079 | Pan      | Found an exit through the horrors of the Abyss.
 82088 | Pan      | Took an exit into the Abyss.
 82088 | Abyss:1  | Escaped into the Abyss
 82088 | Abyss:1  | Found a corrupted altar of Lugonu.
 82124 | Abyss:3  | XOM: noise
 82182 | Abyss:3  | XOM: give mutations
 82182 | Abyss:3  | Gained mutation: You are resistant to hostile enchantments. (MR+) [Xom's grace]
 82182 | Abyss:3  | Gained mutation: Your skin changes colour to match your surroundings (Stealth+). [Xom's grace]
 82188 | Abyss:3  | XOM: summons friendly sun demon
 82199 | Abyss:3  | Reached skill level 15 in Translocations
 82199 | Abyss:3  | HP: 59/205 [lurking horror (45)]
 82212 | Abyss:3  | Got an abyssal rune of Zot
 82234 | Abyss:3  | Gained mutation: Armour fits poorly on your strangely shaped body. [a neqoxec]
 82241 | Abyss:3  | XOM: summons 11 friendly demons
 82248 | Abyss:3  | XOM: god gift: blackened citrine amulet {god gift}
 82325 | Depths:1 | Escaped the Abyss
 82326 | Depths:1 | Lost mutation: You occasionally shout uncontrollably at your foes. [potion of mutation]
 82326 | Depths:1 | Lost mutation: You are frail. (-10% HP) [potion of mutation]
 82326 | Depths:1 | Lost mutation: Armour fits poorly on your strangely shaped body. [potion of mutation]
 82327 | Depths:1 | good mut
 82355 | Pan      | Entered Pandemonium
 82367 | Pan      | XOM: stealth player
 82431 | Pan      | Entered the realm of Cerebov.
 82453 | Pan      | XOM: scenery: create altars
 82558 | Pan      | XOM: scenery: create altars
 82728 | Pan      | XOM: god gift: +7 great mace "Undeadhunter" {disrupt, rN+}
 82749 | Pan      | XOM: enchant monster (good)
 82750 | Pan      | XOM: god gift: potion of degeneration
 82815 | Pan      | Found an exit through the horrors of the Abyss.
 82878 | Pan      | XOM: cleaving
 82918 | Pan      | XOM: summons friendly quasit
 82921 | Pan      | XOM: summons 3 friendly demons
 82946 | Pan      | XOM: polymorph balrug -> lorocyproca
 82953 | Pan      | Reached skill level 6 in Stealth
 82961 | Pan      | XOM: confuse monster(s)
 82990 | Pan      | XOM: enchant monster (good)
 82993 | Pan      | HP: 63/228 [??? (48)]
 83097 | Pan      | XOM: fog
 83153 | Pan      | XOM: give mutations
 83153 | Pan      | Gained mutation: Your movements are slightly less encumbered by armour. (ER -2) [Xom's grace]
 83153 | Pan      | Gained mutation: Your flesh is almost immune to the effects of cold. (rC+++) [Xom's grace]
 83230 | Pan      | XOM: destruction
 83235 | Pan      | XOM: smoke on damage
 83261 | Pan      | XOM: enchant monster (good)
 83270 | Pan      | XOM: enchant monster (good)
 83273 | Pan      | Reached skill level 7 in Stealth
 83301 | Pan      | XOM: destruction
 83380 | Pan      | XOM: noise
 83384 | Pan      | Reached skill level 9 in Spellcasting
 83406 | Pan      | Got a smelly scale mail
 83417 | Pan      | Identified the +7 scale mail of Syebbin {rPois rC+ MR- MP+9} (You took it off a red devil in Pandemonium)
 83433 | Pan      | Noticed Cerebov
 83465 | Pan      | Reached skill level 8 in Stealth
 83619 | Pan      | XOM: enchant monster (good)
 83644 | Pan      | Reached skill level 9 in Stealth
 83644 | Pan      | XOM: fog
 83650 | Pan      | XOM: summons 2 friendly demons
 83698 | Pan      | XOM: cloud trail
 83906 | Pan      | XOM: summons friendly shadow imp
 84000 | Pan      | XOM: polymorph shadow imp -> crimson imp
 84089 | Pan      | Killed Cerebov
 84089 | Pan      | Reached skill level 11 in Stealth
 84130 | Pan      | Identified the Incunabulum of Flight and the Mountains
 84133 | Pan      | Identified Sif Muna's Handbook of Companions and Clay
 84178 | Pan      | Identified the Papyrus of Vitriolic Orientation
 84184 | Pan      | Got a faintly glowing zirconium amulet
 84222 | Pan      | Got a fiery rune of Zot
 84289 | Pan      | XOM: cast spell 'Metabolic Englaciation'
 84330 | Pan      | Learned a level 8 spell: Controlled Blink
 84380 | Pan      | XOM: fog
 84406 | Pan      | Reached skill level 16 in Translocations
 84413 | Pan      | XOM: 7-stop teleportation journey
 84473 | Pan      | XOM: polymorph green death -> cacodemon
 84477 | Pan      | XOM: divine lightning
 84500 | Pan      | HP: 53/228 [Hell Sentinel/damnation (44)]
 84506 | Pan      | XOM: scenery: 1 doors close
 84507 | Pan      | HP: 68/228 [Hell Sentinel (2)]
 84643 | Pan      | Got a demonic rune of Zot
 84660 | Pan      | Identified the amulet "Idez" {Spirit MR+ Dex+4} (You found it in Pandemonium)
 84680 | Pan      | XOM: scenery: create altars
 84809 | Pan      | Found an exit through the horrors of the Abyss.
 84819 | Pan      | XOM: destruction
 84837 | Pan      | XOM: 9-stop teleportation journey
 84894 | Pan      | XOM: noise
 84976 | Pan      | Found a runed door.
 84979 | Pan      | Found a runed door.
 84980 | Pan      | Found an exit through the horrors of the Abyss.
 84988 | Pan      | Entered the realm of Mnoleg.
 85007 | Pan      | XOM: polymorph orange demon -> red devil
 85054 | Pan      | Reached skill level 17 in Translocations
 85055 | Pan      | XOM: blink monster(s)
 85073 | Pan      | XOM: blink monster(s)
 85073 | Pan      | Gained mutation: You are frail. (-10% HP) [a neqoxec]
 85083 | Pan      | XOM: noise
 85087 | Pan      | XOM: swap monsters
 85151 | Pan      | XOM: fog
 85188 | Pan      | Noticed Mnoleg
 85189 | Pan      | XOM: swap monsters
 85196 | Pan      | XOM: enchant monster (good)
 85197 | Pan      | XOM: cleaving
 85199 | Pan      | XOM: summons 11 friendly demons
 85252 | Pan      | XOM: mild Ice miscast
 85260 | Pan      | XOM: mild Conj miscast
 85273 | Pan      | Killed Mnoleg
 85282 | Pan      | Reached skill level 18 in Translocations
 85346 | Pan      | XOM: give mutations
 85346 | Pan      | Lost mutation: You are somewhat resistant to further mutation. [Xom's mischief]
 85346 | Pan      | Lost mutation: You are frail. (-10% HP) [Xom's mischief]
 85346 | Pan      | Lost mutation: You have hoof-like feet. [Xom's mischief]
 85346 | Pan      | Lost mutation: Your mind is acute. (Int +2) [Xom's mischief]
 85398 | Pan      | XOM: summons 2 friendly demons
 85404 | Pan      | XOM: potion effect (heal wounds)
 85511 | Pan      | Got a glowing rune of Zot
 85574 | Pan      | Identified the +1 pair of gloves "Geefyphu" {*Corrode rElec Regen+ Dex+4} (You found it in Pandemonium)
 85591 | Pan      | Gained mutation: Your body sometimes deteriorates upon taking damage. [a neqoxec]
 85796 | Pan      | XOM: scenery: 2 doors close
 85879 | Pan      | XOM: 2-stop teleportation journey
 85939 | Pan      | XOM: fog
 85944 | Pan      | XOM: enchant monster (good)
 85960 | Pan      | Identified a Fen Folio
 86004 | Pan      | XOM: give mutation
 86004 | Pan      | Gained mutation: Your mind is acute. (Int +2) [Xom's grace]
 86145 | Pan      | XOM: polymorph sixfirhy -> soul eater
 86149 | Pan      | XOM: mild Erth miscast
 86164 | Pan      | Noticed Vyaf the pandemonium lord
 86187 | Pan      | XOM: confuse monster(s)
 86205 | Pan      | XOM: summons friendly ufetubus
 86255 | Pan      | XOM: torment (102/228 hp)
 86261 | Pan      | Lost mutation: Your spells are a little easier to cast, but a little less powerful. [a cacodemon]
 86263 | Pan      | Reached skill level 19 in Translocations
 86264 | Pan      | XOM: divination: detect items
 86283 | Pan      | XOM: chaos upgrade
 86293 | Pan      | XOM: medium Necr miscast
 86345 | Pan      | XOM: swap monsters
 86362 | Pan      | XOM: summons friendly ufetubus
 86427 | Pan      | Found an exit through the horrors of the Abyss.
 86433 | Pan      | Took an exit into the Abyss.
 86433 | Abyss:1  | Escaped into the Abyss
 86451 | Depths:1 | Escaped the Abyss
 86515 | Tar:1    | Entered Level 1 of Tartarus
 86526 | Tar:1    | XOM: polymorph Tzitzimitl -> ice devil
 86764 | Tar:3    | You fall through a shaft for 3 floors!
 86796 | Tar:6    | XOM: severe Hex miscast
 86806 | Tar:6    | XOM: cleaving
 86820 | Tar:6    | XOM: swap monsters
 86853 | Tar:6    | XOM: harmless Pois miscast
 86877 | Tar:6    | XOM: harmless Ice miscast
 86903 | Tar:6    | XOM: enchant monster (good)
 86934 | Tar:7    | Entered Level 7 of Tartarus
 86964 | Tar:7    | Noticed an ancient lich
 86965 | Tar:7    | XOM: summons friendly white imp
 86966 | Tar:7    | XOM: polymorph white imp -> iron imp
 86970 | Tar:7    | XOM: summons friendly crimson imp
 86977 | Tar:7    | Killed an ancient lich
 86977 | Tar:7    | Reached skill level 20 in Translocations
 87023 | Tar:7    | Noticed an ancient lich
 87096 | Tar:7    | Killed an ancient lich
 87110 | Tar:7    | XOM: harmless Summ miscast
 87138 | Tar:7    | XOM: enchant monster (bad)
 87143 | Tar:7    | XOM: summons friendly ufetubus
 87149 | Tar:7    | XOM: swap monsters
 87156 | Tar:7    | XOM: noise
 87170 | Tar:7    | XOM: medium Ice miscast
 87223 | Tar:7    | XOM: polymorph Tzitzimitl -> Ice Fiend
 87292 | Tar:7    | XOM: harmless Hex miscast
 87393 | Tar:7    | XOM: enchant monster (bad)
 87494 | Tar:7    | Reached skill level 21 in Translocations
 87548 | Tar:7    | HP: 44/227 [???[the effects of Hell] (33)]
 87730 | Tar:7    | XOM: cast spell 'Summon Mana Viper'
 87734 | Tar:7    | XOM: divination: detect items
 87748 | Tar:7    | XOM: polymorph soul eater -> sun demon
 87829 | Tar:7    | XOM: divination: detect creatures
 87858 | Tar:7    | Got a dazzling scale mail
 87928 | Tar:7    | XOM: silly message
 87955 | Tar:7    | XOM: chaos upgrade
 88021 | Tar:7    | XOM: potion effect (curing)
 88026 | Tar:7    | XOM: potion effect (haste)
 88215 | Tar:7    | Reached skill level 22 in Translocations
 88234 | Tar:7    | XOM: medium Erth miscast
 88241 | Tar:7    | XOM: polymorph shadow demon -> green death
 88276 | Tar:7    | Reached skill level 12 in Stealth
 88284 | Tar:7    | XOM: swap monsters
 88298 | Tar:7    | XOM: enchant monster (bad)
 88349 | Tar:7    | XOM: swap monsters
 88385 | Tar:7    | Got a translucent turquoise ring
 88408 | Tar:7    | XOM: enchant monster (bad)
 88527 | Tar:7    | XOM: swap monsters
 88538 | Tar:7    | XOM: destruction
 88572 | Tar:7    | Reached skill level 13 in Stealth
 88578 | Tar:7    | XOM: noise
 88856 | Tar:7    | Noticed Ereshkigal
 88875 | Tar:7    | XOM: noise
 88881 | Tar:7    | HP: 68/228 [Ereshkigal (7)]
 88886 | Tar:7    | Killed Ereshkigal
 88886 | Tar:7    | Reached skill level 14 in Stealth
 88901 | Tar:7    | HP: 39/228 [flayed ghost/flay_damage[the effects of Hell] (25)]
 88920 | Tar:7    | HP: 54/228 [??? (33)]
 88936 | Tar:7    | XOM: harmless Tloc miscast
 88986 | Tar:7    | Got a bone rune of Zot
 89097 | Hell     | Identified the +1 scale mail of the Skies Above {rCorr Str+4 Int+4 Stlth+} (You found it on level 7 of Tartarus)
 89098 | Hell     | Identified the ring of Noveutz {rElec Int+2} (You found it on level 7 of Tartarus)
 89139 | Coc:1    | Entered Level 1 of Cocytus
 89157 | Coc:2    | Noticed a shard shrike
 89163 | Coc:2    | Killed a shard shrike
 89225 | Coc:3    | Reached skill level 15 in Stealth
 89246 | Coc:3    | XOM: confuse monster(s)
 89306 | Coc:4    | XOM: chaos upgrade
 89308 | Coc:4    | XOM: potion effect (invisibility)
 89393 | Coc:4    | XOM: divination: detect items
 89399 | Coc:5    | XOM: noise
 89443 | Coc:7    | Entered Level 7 of Cocytus
 89463 | Coc:7    | XOM: confuse monster(s)
 89467 | Coc:7    | XOM: divination: magic mapping
 89472 | Coc:7    | XOM: divination: detect items
 89473 | Coc:7    | XOM: potion effect (brilliance)
 89479 | Coc:7    | XOM: cast spell 'Olgreb's Toxic Radiance'
 89480 | Coc:7    | XOM: divination: magic mapping
 89496 | Coc:7    | XOM: divination: detect items
 89502 | Coc:7    | XOM: cast spell 'Summon Small Mammal'
 89503 | Coc:7    | HP: 64/228 [seven-headed hydra simulacrum (7)]
 89515 | Coc:7    | HP: 66/228 [frost giant/battleaxe of freezing (17)]
 89521 | Coc:7    | HP: 65/228 [spiny frog zombie (8)]
 89525 | Coc:7    | Reached skill level 16 in Stealth
 89526 | Coc:7    | XOM: confuse monster(s)
 89606 | Coc:7    | Got a sparkling marble ring
 89619 | Coc:7    | Got a clouded platinum ring
 89627 | Coc:7    | XOM: mild Erth miscast
 89678 | Coc:7    | Gained mutation: Your body often deteriorates upon taking damage. [mutagenic glow]
 89716 | Coc:7    | Reached skill level 17 in Stealth
 89745 | Coc:7    | HP: 41/228 [???[the effects of Hell] (31)]
 89759 | Coc:7    | XOM: god gift: scroll of enchant armour
 89813 | Coc:7    | XOM: 2-stop teleportation journey
 89841 | Coc:7    | XOM: cast spell 'Disjunction'
 89917 | Coc:7    | XOM: 5-stop teleportation journey
 89936 | Coc:7    | XOM: summons 6 friendly demons
 90036 | Coc:7    | Reached skill level 18 in Stealth
 90043 | Coc:7    | XOM: cast spell 'Disjunction'
 90045 | Coc:7    | Noticed a shard shrike
 90047 | Coc:7    | Noticed a shard shrike
 90048 | Coc:7    | Noticed a shard shrike
 90055 | Coc:7    | Killed a shard shrike
 90057 | Coc:7    | XOM: potion effect (heal wounds)
 90060 | Coc:7    | Killed a shard shrike
 90062 | Coc:7    | Killed a shard shrike
 90146 | Coc:7    | Noticed Antaeus
 90288 | Coc:7    | XOM: 2-stop teleportation journey
 90298 | Coc:7    | Reached skill level 19 in Stealth
 90319 | Coc:7    | XOM: give mutations
 90319 | Coc:7    | Gained mutation: You have a somewhat thin skeletal structure. (Dex +2, Stealth) [Xom's grace]
 90319 | Coc:7    | Gained mutation: Your spells are a little harder to cast, but a little more powerful. [Xom's grace]
 90349 | Coc:7    | Gained mutation: Scrolls take you a little longer to read. [mutagenic glow]
 90452 | Coc:7    | Gained mutation: Scrolls take you longer to read. [mutagenic glow]
 90547 | Coc:7    | XOM: 1-stop teleportation journey
 90560 | Coc:7    | XOM: polymorph Antaeus -> Antaeus
 90571 | Coc:7    | Got an icy rune of Zot
 90651 | Coc:7    | Noticed a shard shrike
 90651 | Coc:7    | XOM: summons 2 hostile demons
 90663 | Coc:7    | XOM: summons 4 friendly demons
 90719 | Hell     | Identified the ring "Zeelethe" {rC+ Dex+4} (You took it off a frost giant on level 7 of Cocytus)
 90721 | Hell     | Identified the ring "Elimaty" {Wiz rPois} (You took it off a frost giant on level 7 of Cocytus)
 90727 | Hell     | Lost mutation: Your skin changes colour to match your surroundings (Stealth+). [potion of mutation]
 90727 | Hell     | Lost mutation: You have a beak for a mouth. [potion of mutation]
 90727 | Hell     | Lost mutation: You have large cloven feet. [potion of mutation]
 90727 | Hell     | Lost mutation: Your spells are a little harder to cast, but a little more powerful. [potion of mutation]
 90727 | Hell     | Gained mutation: You have a pair of small horns on your head. [potion of mutation]
 90728 | Hell     | Lost mutation: You are resistant to hostile enchantments. (MR+) [potion of mutation]
 90728 | Hell     | Lost mutation: You possess an exceptional clarity of mind. [potion of mutation]
 90728 | Hell     | Lost mutation: Your body often deteriorates upon taking damage. [potion of mutation]
 90728 | Hell     | Lost mutation: Your body sometimes deteriorates upon taking damage. [potion of mutation]
 90728 | Hell     | Gained mutation: Your flesh is heat resistant. (rF+) [potion of mutation]
 90755 | Geh:1    | Entered Level 1 of Gehenna
 90774 | Geh:2    | XOM: summons friendly white imp
 90817 | Geh:2    | XOM: blink monster(s)
 90825 | Hell     | XOM: confuse monster(s)
 90940 | Geh:3    | XOM: summons friendly iron imp
 90943 | Geh:4    | XOM: 6-stop teleportation journey
 90995 | Geh:4    | XOM: summons 7 friendly demons
 91105 | Geh:5    | Reached skill level 20 in Stealth
 91146 | Geh:5    | You fall through a shaft!
 91173 | Geh:7    | Entered Level 7 of Gehenna
 91185 | Geh:7    | XOM: fake destruction
 91250 | Geh:7    | XOM: god gift: dented blue amulet {god gift}
 91311 | Geh:7    | XOM: cast spell 'Summon Horrible Things'
 91407 | Geh:7    | XOM: potion effect (berserk rage)
 91410 | Geh:7    | XOM: confuse monster(s)
 91420 | Geh:7    | XOM: confuse monster(s)
 91423 | Geh:7    | XOM: enchant monster (good)
 91426 | Geh:7    | XOM: potion effect (haste)
 91452 | Geh:7    | XOM: silly message
 91471 | Geh:7    | Got a faintly glowing lapis lazuli ring
 91509 | Geh:7    | Got an ancient ivory amulet
 91535 | Geh:7    | Reached skill level 22 in Fighting
 91574 | Geh:7    | XOM: harmless Summ miscast
 91600 | Geh:7    | Reached skill level 1 in Hexes
 91621 | Geh:7    | Reached skill level 2 in Hexes
 91624 | Geh:7    | HP: 64/231 [??? (49)]
 91629 | Geh:7    | HP: 58/231 [Brimstone Fiend/damnation (11)]
 91630 | Geh:7    | Reached skill level 3 in Hexes
 91645 | Geh:7    | HP: 45/231 [Brimstone Fiend/damnation[the effects of Hell] (38)]
 91695 | Geh:7    | XOM: blink monster(s)
 91701 | Geh:7    | Reached skill level 4 in Hexes
 91722 | Geh:7    | XOM: confuse monster(s)
 91723 | Geh:7    | XOM: enchant monster (good)
 91724 | Geh:7    | XOM: cast spell 'Summon Dragon'
 91769 | Geh:7    | Noticed Asmodeus
 91781 | Geh:7    | Identified a Grand Grimoire
 91782 | Geh:7    | Identified the Compendium of Glory
 91784 | Geh:7    | Identified Sif Muna's Compendium of Ensnaring Fire
 91787 | Geh:7    | Got an obsidian rune of Zot
 91838 | Hell     | Identified the ring "Lasear" {*Drain rPois MP+9 Dex+5} (You took it off a balrug on level 7 of Gehenna)
 91840 | Hell     | Identified the amulet "Foddeq" {*Slow +Rage rC+++ Str+4 Slay-4} (You took it off a balrug on level 7 of Gehenna)
 91889 | Dis:1    | Entered Level 1 of the Iron City of Dis
 91978 | Dis:1    | XOM: summons 4 friendly demons
 91985 | Dis:1    | XOM: god gift: staff of wizardry {god gift}
 92138 | Dis:1    | XOM: cloud trail
 92236 | Dis:1    | XOM: divination: detect creatures
 92244 | Dis:1    | XOM: give mutations
 92244 | Dis:1    | Lost mutation: Your flesh is heat resistant. (rF+) [Xom's mischief]
 92244 | Dis:1    | Lost mutation: Your flesh is almost immune to the effects of cold. (rC+++) [Xom's mischief]
 92245 | Dis:1    | XOM: noise
 92287 | Dis:1    | XOM: potion effect (agility)
 92332 | Dis:1    | Reached skill level 10 in Spellcasting
 92376 | Dis:1    | XOM: divination: detect items
 92564 | Dis:1    | XOM: harmless Tmut miscast
 92800 | Dis:1    | XOM: confuse monster(s)
 92812 | Dis:1    | Reached skill level 11 in Spellcasting
 92812 | Dis:1    | XOM: divination: magic mapping
 92825 | Dis:1    | XOM: silly message
 92837 | Dis:1    | XOM: cast spell 'Summon Mana Viper'
 92841 | Dis:1    | XOM: divination: detect creatures
 92869 | Dis:1    | XOM: silly message
 93034 | Dis:4    | XOM: noise
 93127 | Dis:4    | XOM: cast spell 'Shadow Creatures'
 93146 | Dis:4    | XOM: harmless Necr miscast
 93149 | Dis:4    | XOM: enchant monster (bad)
 93223 | Dis:5    | XOM: harmless Conj miscast
 93252 | Dis:5    | Reached skill level 12 in Spellcasting
 93294 | Dis:5    | XOM: 1-stop teleportation journey
 93468 | Dis:5    | XOM: chaos upgrade
 93485 | Dis:7    | Entered Level 7 of the Iron City of Dis
 93544 | Dis:7    | XOM: scenery: create altars
 93545 | Dis:7    | XOM: swap monsters
 93777 | Dis:7    | XOM: fog
 93782 | Dis:7    | XOM: silly message
 93822 | Dis:7    | XOM: polymorph rust devil -> red devil
 93854 | Dis:7    | XOM: summons 9 hostile demons
 93870 | Dis:7    | Noticed the Serpent of Hell
 93881 | Dis:7    | Reached skill level 23 in Translocations
 93887 | Dis:7    | XOM: mild Fire miscast
 93898 | Dis:7    | XOM: cast spell 'Summon Dragon'
 93904 | Dis:7    | XOM: polymorph shadow dragon -> quicksilver dragon
 94138 | Dis:7    | XOM: cleaving
 94287 | Dis:7    | Identified a book of Minor Magic
 94292 | Dis:7    | Got an iron rune of Zot
 94294 | Dis:7    | Got a wavering tin ring
 94295 | Dis:7    | Identified Usetusik's Guide on Battle Magic and Protection
 94376 | Hell     | Identified the ring of Uckaegy {*Tele rN+} (You found it on level 7 of the Iron City of Dis)
 94386 | Hell     | Learned a level 5 spell: Dispel Undead
 94396 | Hell     | Learned a level 7 spell: Malign Gateway
 94418 | Depths:1 | Bought a sack of spiders for 360 gold pieces
 94418 | Depths:1 | Bought a box of beasts for 360 gold pieces
 94418 | Depths:1 | Bought a box of beasts for 360 gold pieces
 94712 | D:5      | Bought a phantom mirror for 360 gold pieces
 94712 | D:5      | Bought a sack of spiders for 240 gold pieces
 94712 | D:5      | Bought a box of beasts for 240 gold pieces
 94712 | D:5      | Bought a phantom mirror for 360 gold pieces
 94904 | Orc:2    | Bought a scroll of fear for 52 gold pieces
 94904 | Orc:2    | Bought a scroll of fear for 52 gold pieces
 94904 | Orc:2    | Bought a scroll of teleportation for 45 gold pieces
 94905 | Orc:2    | Bought 2 potions of heal wounds for 150 gold pieces
 94905 | Orc:2    | Bought a potion of ambrosia for 120 gold pieces
 94905 | Orc:2    | Bought a potion of brilliance for 60 gold pieces
 94989 | D:11     | XOM: mild Chrm miscast
 95110 | Vaults:3 | XOM: harmless Hex miscast
 95160 | Vaults:4 | Bought a box of beasts for 320 gold pieces
 95173 | Vaults:4 | Cast into level 5 of the Abyss (Xom)
 95173 | Abyss:5  | Entered Level 5 of the Abyss
 95255 | Abyss:5  | XOM: harmless Tloc miscast
 95311 | Abyss:5  | Reached skill level 8 in Summonings
 95315 | Abyss:5  | Paralysed by accursed screaming for 1 turns
 95327 | Abyss:5  | HP: 64/228 [smoke demon/divine providence (13)]
 95366 | Abyss:5  | XOM: cast spell 'Call Canine Familiar'
 95397 | Abyss:5  | XOM: polymorph large abomination -> ghost crab
 95407 | Abyss:5  | XOM: summons 4 friendly demons
 95431 | Vaults:4 | Escaped the Abyss
 95468 | Vaults:3 | XOM: harmless Air miscast
 95499 | Crypt:1  | XOM: god gift: scroll of random uselessness
 95562 | Tomb:1   | Entered Level 1 of the Tomb of the Ancients
 95651 | Tomb:1   | Reached skill level 9 in Summonings
 95714 | Tomb:1   | XOM: summons 2 friendly demons
 95722 | Tomb:1   | Reached skill level 10 in Summonings
 95808 | Tomb:1   | XOM: enchant monster (good)
 95865 | Tomb:1   | Noticed a greater mummy
 95870 | Tomb:1   | HP: 50/231 [??? (31)]
 95944 | Tomb:1   | XOM: draining
 96057 | Tomb:1   | XOM: summons friendly ufetubus
 96062 | Tomb:1   | Reached skill level 11 in Summonings
 96131 | Tomb:1   | Noticed a greater mummy
 96167 | Tomb:1   | XOM: scenery: 2 doors close
 96170 | Tomb:1   | Killed a greater mummy
 96175 | Tomb:1   | XOM: confuse monster(s)
 96184 | Tomb:1   | Killed a greater mummy
 96339 | Tomb:1   | Noticed a greater mummy
 96357 | Tomb:1   | Killed a greater mummy
 96357 | Tomb:1   | Reached skill level 12 in Summonings
 96363 | Tomb:1   | Noticed a greater mummy
 96369 | Tomb:1   | Killed a greater mummy
 96369 | Tomb:1   | Reached skill level 16 in Evocations
 96411 | Tomb:1   | Noticed a greater mummy
 96413 | Tomb:1   | XOM: fake destruction
 96420 | Tomb:1   | Killed a greater mummy
 96463 | Tomb:2   | Noticed a greater mummy
 96464 | Tomb:2   | Noticed an ancient lich
 96469 | Tomb:2   | XOM: 7-stop teleportation journey
 96521 | Tomb:3   | Entered Level 3 of the Tomb of the Ancients
 96529 | Tomb:3   | Noticed a greater mummy
 96529 | Tomb:3   | Noticed a greater mummy
 96539 | Tomb:3   | Gained mutation: You tend to lose your temper in combat. [the power of Zot]
 96567 | Tomb:3   | Noticed a greater mummy
 96590 | Tomb:3   | Noticed an ancient lich
 96590 | Tomb:3   | XOM: destruction
 96591 | Tomb:3   | XOM: destruction
 96600 | Tomb:3   | Noticed a greater mummy
 96600 | Tomb:3   | Noticed a greater mummy
 96601 | Tomb:3   | Noticed a greater mummy
 96601 | Tomb:3   | HP: 54/231 [??? (34)]
 96603 | Tomb:3   | HP: 23/231 [??? (13)]
 96606 | Tomb:3   | Noticed a greater mummy
 96607 | Tomb:3   | XOM: summons friendly iron imp
 96609 | Tomb:3   | HP: 29/231 [??? (17)]
 96610 | Tomb:3   | HP: 4/231 [guardian mummy (16)]
 96612 | Tomb:3   | Got a golden rune of Zot
 96612 | Tomb:3   | XOM: cast spell 'Leda's Liquefaction'
 96615 | Tomb:3   | HP: 15/231 [??? (7)]
 96620 | Tomb:3   | HP: 28/231 [??? (17)]
 96621 | Tomb:3   | HP: 7/231 [greater mummy/divine providence (12)]
 96625 | Tomb:3   | HP: 1/231 [greater mummy/divine providence (14)]
 96627 | Tomb:3   | XOM: confuse monster(s)
 96630 | Tomb:3   | HP: 5/231 [ushabti] (15)]
 96632 | Tomb:3   | Gained mutation: You are clumsy. (Dex -2) [mutagenic glow]
 96634 | Tomb:2   | HP: 2/231 [poisoned by an ushabti (dark miasma)]
 96639 | Tomb:2   | how to: NOT do tomb:3
 96666 | Tomb:2   | XOM: blink monster(s)
 97363 | Zot:1    | Entered Level 1 of the Realm of Zot
 97419 | Hell     | Learned a level 2 spell: Passwall
 97422 | Hell     | Learned a level 2 spell: Corpse Rot
 97498 | Zot:2    | Reached skill level 17 in Evocations
 97507 | Zot:2    | XOM: silly message
 97538 | Zot:1    | XOM: potion effect (curing)
 97566 | Zot:1    | XOM: polymorph tentacled monstrosity -> hellephant
 97663 | Zot:3    | XOM: scenery: create altars
 97708 | Zot:4    | Got a pair of smoking boots
 97711 | Zot:4    | Identified the +3 pair of boots of Creativity {rF+ rC+ Dex+4} (You found it on level 4 of the Realm of Zot)
 97767 | Zot:5    | Entered Level 5 of the Realm of Zot
 97807 | Zot:5    | XOM: summons 7 friendly demons
 97808 | Zot:5    | Reached skill level 18 in Evocations
 97820 | Zot:5    | XOM: cast spell 'Necromutation'
 97823 | Zot:5    | XOM: 1-stop teleportation journey
 97844 | Zot:5    | XOM: divination: detect creatures
 97869 | Zot:5    | XOM: mild Tloc miscast
 97924 | Zot:5    | XOM: chaos upgrade
 97951 | Zot:5    | XOM: enchant monster (bad)
 98035 | Zot:5    | Noticed an ancient lich
 98036 | Zot:5    | Noticed an ancient lich
 98048 | Zot:5    | Killed an ancient lich
 98060 | Zot:5    | Reached skill level 19 in Evocations
 98128 | Zot:5    | Killed an ancient lich
 98145 | Zot:5    | XOM: potion effect (berserk rage)
 98160 | Zot:5    | XOM: harmless Hex miscast
 98200 | Zot:5    | XOM: potion effect (haste)
 98220 | Zot:5    | Noticed an ancient lich
 98253 | Zot:5    | XOM: potion effect (berserk rage)
 98256 | Zot:5    | XOM: silly message
 98271 | Zot:5    | XOM: potion effect (invisibility)
 98282 | Zot:5    | Noticed an ancient lich
 98295 | Zot:5    | Noticed an ancient lich
 98296 | Zot:5    | Killed an ancient lich
 98296 | Zot:5    | Reached skill level 20 in Evocations
 98307 | Zot:5    | Killed an ancient lich
 98307 | Zot:5    | Reached skill level 5 in Shields
 98307 | Zot:5    | XOM: divination: magic mapping
 98379 | Zot:5    | Killed an ancient lich
 98379 | Zot:5    | Reached skill level 6 in Shields
 98419 | Zot:5    | XOM: cast spell 'Summon Small Mammal'
 98427 | Zot:5    | XOM: cast spell 'Summon Ice Beast'
 98428 | Zot:5    | Reached skill level 7 in Shields
 98448 | Zot:5    | Noticed an orb of fire
 98448 | Zot:5    | Gained mutation: You expend magic power (3 MP) to strengthen your wands. [an orb of fire]
 98456 | Zot:5    | Gained mutation: You are frail. (-10% HP) [an orb of fire]
 98461 | Zot:5    | Gained mutation: You occasionally shout uncontrollably at your foes. [an orb of fire]
 98464 | Zot:5    | Killed an orb of fire
 98464 | Zot:5    | Reached skill level 8 in Shields
 98482 | Zot:5    | XOM: potion effect (might)
 98493 | Zot:5    | Noticed an orb of fire
 98495 | Zot:5    | Noticed an orb of fire
 98497 | Zot:5    | Lost mutation: Your mind is acute. (Int +2) [an orb of fire]
 98510 | Zot:5    | Killed an orb of fire
 98518 | Zot:5    | Killed an orb of fire
 98518 | Zot:5    | Reached skill level 9 in Shields
 98534 | Zot:5    | XOM: swap monsters
 98538 | Zot:5    | XOM: potion effect (haste)
 98604 | Zot:5    | Got the Orb of Zot
 98611 | Zot:5    | Noticed an orb of fire
 98613 | Zot:5    | XOM: enchant monster (good)
 98784 | Depths:3 | Reached skill level 10 in Shields
 98809 | Depths:3 | Gained mutation: Your spells are a little easier to cast, but a little less powerful. [mutagenic glow]
 98961 | D:8      | XOM: mild Tloc miscast
 99124 | D:$      | Escaped with the Orb!

Vault maps used:
D:1:      saegor_arrival_miasma, grunt_decor_mini_mirrors, st_stairs_10,
          minmay_misc_feat_doors, minivault_11
D:2:      minmay_roachtagon, lemuel_doored_altar, minmay_misc_feat_columns,
          uniq_robin, uniq_jessica
D:3:      portal_sewer_entry_c, minmay_misc_feat_nine_boxes,
          minmay_misc_feat_more_columns, glass_columns_c
D:4:      nicolae_overflow_crystal_walls, first_bread, uniq_sigmund
D:5:      dancing_weapons_uskayaw, serial_shops, kennysheep_little_box,
          yredelemnul_altar_generic
D:6:      nicolae_gozag_cash_rules_everything_around_me, uniq_duvessa,
          uniq_crazy_yiuf_cottage, uniq_eustachio
D:7:      nicolae_overflow_hidden_temple, grunt_temple_overflow_open,
          temple_hall, uniq_menkaure
D:9:      lemuel_coloured_pillars_altar, minivault_25_ag, hangedman_ranch,
          hangedman_glass_teeth, lemuel_another_geyser, uniq_erolcha
D:10:     orc_0_dummy, special_room, uniq_fannar
D:11:     lair_entry_dummy, uniq_harold
D:12:     minmay_connected_boxes_in_corner, kennysheep_windowed_goal
D:13:     lemuel_bear_cage, serial_bayou, serial_bayou_pond_c,
          serial_bayou_lagoon_a, serial_bayou_pond_a, serial_bayou_crossing,
          serial_bayou_pond_e, evilmike_butchery
D:14:     david_vaults_3, serial_shops, shop
D:15:     grunt_enter_depths_magical_seal, hangedman_abyss_or_decor_stagger,
          uniq_sonja
Lair:1:   grunt_megastairs_5
Lair:2:   elwin_shoals_entry_stream
Lair:3:   minmay_guarded_unrand_snakebite
Lair:4:   nicolae_spider_entry_non_spiders, nicolae_lair_grove_arrangements,
          grunt_megastairs_1
Lair:5:   minmay_slime_entry_pillars, basic_altar
Lair:6:   grunt_lair_end_beastmaster, serial_bayou_shore_a, uniq_rupert
Shoals:2: portal_ice_cave_entry_pillars_1, uniq_frances
Shoals:4: shoals_end_grunt_garden, shoals_ilsuiw_ice
Spider:1: nicolae_spider_circle_web, spider_trap, uniq_agnes
Spider:2: worms_lemuel, uniq_arachne
Spider:3: spider_trap
Spider:4: spider_rune_water, uniq_louise, uniq_kirke
Slime:1:  nicolae_slime_barrier
Slime:2:  uniq_dissolution
Orc:1:    kennysheep_orc_chapel
Orc:2:    st_orc_ogre_mass, uniq_maurice
Elf:1:    eino_elf_arrival_customs, hangedman_elf_represent,
          grunt_ministairs_14, kilobyte_mutagenic_chamber
Elf:2:    uniq_jorgrun
Elf:3:    minmay_elf_hall_curves, basic_altar
Vaults:1: v_misc_2, vaults_room_large_hall, v_misc_17, nicolae_vaults_network_s,
          nicolae_vaults_little_squares_3, nicolae_vaults_yaktaur_gun_rack,
          nicolae_vaults_rhombus_7, v_alt_pattern_1,
          nicolae_vaults_shelves_hall, hangedman_vaults_corner_blocks,
          v_misc_19, vaults_room_fours, serial_shops, nicolae_shop_behind_doors
Vaults:2: nicolae_vaults_asterisk, ontoclasm_vaults_bender,
          ontoclasm_vaults_tryst, grunt_vaults_diagonal, v_misc_30,
          kennysheep_vaults_gozag_temple, v_alt_pattern_1, grunt_vaults_swirl,
          v_alt_pattern_4, vaults_room_pool, hangedman_vaults_trim,
          v_alt_pattern_5, ontoclasm_vaults_eye, serial_shops,
          bzr_entry_customers
Vaults:3: ontoclasm_vaults_hangar, vaults_mumra_hex,
          minmay_crypt_entry_necro_gods, v_misc_25, vaults_mumra_chevron,
          v_misc_28, v_misc_18, nicolae_vaults_network_quinsquares,
          nicolae_vaults_asterisk, grunt_vaults_trifunnel, v_misc_8,
          st_more_cells, v_misc_1, nicolae_vaults_theta, serial_shops, shop
Vaults:4: ontoclasm_vaults_twist, hangedman_vaults_maws,
          nicolae_vaults_asterisk, hangedman_vaults_river_flow,
          ontoclasm_vaults_decontamination, vaults_dpeg_diagonal,
          nicolae_vaults_network_periphery, hangedman_vaults_stretched_pinwheel,
          v_misc_27, serial_shops, shop, shop_statue,
          nicolae_shop_overgrown_old_shop, shop,
          nicolae_shop_temple_entry_statues_fountains, uniq_frederick,
          uniq_xtahua, uniq_jory
Crypt:1:  grunt_crypt_arrival_guarded_gate, uniq_mennas
Crypt:2:  serial_glass, glass_columns_b, glass_columns_c, glass_columns_b,
          glass_columns_b
Crypt:3:  due_elkab, nicolae_tomb_entry_grand_gallery, columned_hall_lemuel
Depths:1: hell_entry, serial_sigils_hangedman_shear,
          nicolae_abyss_entry_one_way_or_another, rand_demon_pan_entry_4,
          serial_sigils_hangedman_writhe,
          minmay_the_grid_triangle_9x9_recursive_2_mashed, minmay_shop_star,
          serial_bayou_shore_b
Depths:2: hangedman_slaughterboxes, hell_entry, serial_shops
Depths:3: minmay_shrinking_squares, pan_entry, minmay_misc_feat_encased,
          hell_entry, kennysheep_big_empty_room, grunt_ministairs_10,
          bh_walls_and_bars, infiniplex_staircase_zigzag_4
Depths:4: hangedman_elemental_death_ray, pf_coc_iceberg, abyss_entry,
          enter_trove_5, kennysheep_generic_room_16, infiniplex_staircase_star
Depths:5: grunt_x_marks_the_spot, grunt_hell_horde, grunt_decor_fettered,
          hangedman_blasphemy
Dis:1:    grunt_dis_stairs_iron_hall
Dis:2:    evilmike_ambush
Dis:4:    hangedman_player_shredder
Dis:7:    iron_city_of_dis
Geh:1:    minmay_firetagon, hangedman_hellfire_club
Geh:2:    hangedman_mysterious_dungeon_monster_house
Geh:4:    hangedman_generic_boss_arena
Geh:5:    grunt_megastairs_3
Geh:7:    geh_grunt_pentagon
Coc:7:    coc_hangedman
Tar:1:    lemuel_nasty_fountain
Tar:7:    tar_old
Zot:2:    hangedman_zot_decor_tridents, st_single_dragon_hoard_2
Zot:4:    kennysheep_ambush_hall, grunt_megastairs_2
Abyss:3:  hangedman_relentless_pull, evilmike_abyss_exit_mutagenic,
          patterned_corridor
Pan:      rand_demon_4, lom_lobon_st, pan_blood_fountain_small,
          nicolae_pan_lom_lobonic_1, rand_demon_6, pan_blood_fountain,
          rand_demon_9, pan_blood_fountain, evilmike_mini_pan_possible_glass,
          pan_blood_fountain_small, nicolae_pan_cerebovesque_2, rand_demon_7,
          grunt_pan_pentagram, pan_blood_fountain_small,
          nicolae_pan_gloorx_vloqian_2, gloorx_vloq_st,
          pan_blood_fountain_small, nicolae_pan_sigil_uleosi,
          reaverb_pan_chaos_star, nicolae_pan_double_arrow,
          evilmike_mini_pan_corridor, evilmike_mini_pan_thingy,
          pan_blood_fountain_small, evilmike_mini_pan_corner,
          pan_blood_fountain, nicolae_pan_sigil_eeng, rand_demon_9,
          pan_blood_fountain_2, evilmike_mini_pan_corner,
          evilmike_mini_pan_corner, cerebov_grunt, pan_blood_fountain,
          evilmike_mini_pan_diamond, pan_blood_fountain_small,
          nicolae_pan_gloorx_vloqian_3, grunt_pan_zigzag,
          nicolae_pan_sigil_itan, nicolae_pan_double_arrow, rand_demon_7,
          mnoleg_grunt_wretched_star, evilmike_mini_pan_thingy,
          pan_blood_fountain_small, evilmike_mini_pan_T, pan_blood_fountain_2,
          nicolae_pan_cerebovesque_3, evilmike_mini_pan_3x3,
          nicolae_pan_cerebovesque_2
Bazaar:   bazaar_long_row
Trove:    trove_armour_six_rooms
Sewer:    sewer_minmay_w
IceCv:    ice_cave_caverns_01

Skill      XL: |  1  2  3  4  5  6  7  8  9 10 11 12 13 14 15 16 17 18 19 20 21 22 23 24 25 26 27 |
---------------+----------------------------------------------------------------------------------+-----
Maces & Flails | 4 5 6 7 9 11 13 14 16 | 16.1
Dodging        | 3 4 6 9 11 12 13 14 15 16 17 18 19 22 | 22.0
Fighting       | 4 5 7 9 10 12 14 15 16 17 18 19 22 | 22.0
Armour         | 5 11 13 14 15 16 17 18 19 22 | 22.0
Necromancy     | 4 6 7 |  7.0
Spellcasting   | 4 6 8 12 | 12.0
Charms         | 3 4 6 7 9 |  9.0
Summonings     | 3 4 7 12 | 12.1
Evocations     | 5 8 10 14 15 20 | 20.0
Shields        | 4 10 | 10.2
Translocations | 4 8 9 11 23 | 23.0
Air Magic      | 4 13 | 13.5
Earth Magic    | 4 10 | 10.0
Transmutations | 4 |  4.0
Stealth        | 20 | 20.7
Hexes          | 4 |  4.2

Action                   |  1- 3 |  4- 6 |  7- 9 | 10-12 | 13-15 | 16-18 | 19-21 | 22-24 | 25-27 || total
-------------------------+-------+-------+-------+-------+-------+-------+-------+-------+-------++-------
Melee: Mace              |    87 |    58 |       |       |       |       |       |       |       ||   145
       Dagger            |       |   182 |    17 |       |       |       |       |       |       ||   199
       Whip              |       |       |   363 |   658 |  1204 |  2337 |  2625 |   171 |     1 ||  7359
       Morningstar       |       |       |    16 |       |       |       |    88 |    65 |    20 ||   189
       Dire flail        |       |       |       |   435 |   218 |       |       |       |       ||   653
       Kick              |       |       |       |    61 |   547 |   297 |       |       |       ||   905
       Unarmed           |       |       |       |    15 |       |       |       |       |       ||    15
       Knife             |       |       |       |       |     1 |    13 |       |       |       ||    14
       Eveningstar       |       |       |       |       |       |       |       |  1406 |  6737 ||  8143
       Headbutt          |       |       |       |       |       |       |       |   560 |   840 ||  1400
       Peck              |       |       |       |       |       |       |       |       |   948 ||   948
       Demon whip        |       |       |       |       |       |       |       |       |    43 ||    43
 Fire: Blowgun           |       |       |     2 |    11 |     3 |       |       |       |       ||    16
Throw: Stone             |    68 |   130 |    40 |   114 |    88 |   123 |    46 |    81 |    77 ||   767
       Javelin           |       |       |       |       |       |       |    10 |       |       ||    10
       Throwing net      |       |       |       |       |       |       |       |       |     6 ||     6
 Cast: Animate Skeleton  |       |       |       |       |    28 |     8 |    80 |    31 |    75 ||   222
       Regeneration      |       |       |       |       |     9 |    69 |    82 |    29 |   452 ||   641
       Summon Butterflie |       |       |       |       |       |       |     3 |       |    17 ||    20
       Blink             |       |       |       |       |       |       |     4 |     1 |    48 ||    53
       Passage of Golubr |       |       |       |       |       |       |     3 |     3 |    80 ||    86
       Shroud of Golubri |       |       |       |       |       |       |       |       |    37 ||    37
       Animate Dead      |       |       |       |       |       |       |       |       |    33 ||    33
       Apportation       |       |       |       |       |       |       |       |       |    59 ||    59
       Passwall          |       |       |       |       |       |       |       |       |    44 ||    44
       Spectral Weapon   |       |       |       |       |       |       |       |       |    32 ||    32
       Lee's Rapid Decon |       |       |       |       |       |       |       |       |    24 ||    24
       Controlled Blink  |       |       |       |       |       |       |       |       |    23 ||    23
       Deflect Missiles  |       |       |       |       |       |       |       |       |    16 ||    16
       Lesser Beckoning  |       |       |       |       |       |       |       |       |     4 ||     4
       Swiftness         |       |       |       |       |       |       |       |       |     1 ||     1
       Malign Gateway    |       |       |       |       |       |       |       |       |     1 ||     1
 Abil: Evoke Flight      |       |       |       |     1 |       |       |     3 |       |     4 ||     8
       Evoke Invisibilit |       |       |       |       |       |     1 |     3 |     1 |     4 ||     9
       Stop Flying       |       |       |       |       |       |       |       |       |     2 ||     2
Evoke: Wand              |       |       |     1 |       |       |       |       |       |    22 ||    23
       Lamp of fire      |       |       |       |       |       |       |       |     1 |     3 ||     4
       Staff of energy   |       |       |       |       |       |       |       |       |   111 ||   111
       Sack of spiders   |       |       |       |       |       |       |       |       |     1 ||     1
  Use: Scroll            |     4 |       |     3 |     5 |     4 |    11 |    12 |     9 |    65 ||   113
       Potion            |       |       |       |       |       |     1 |     9 |       |    57 ||    67
 Stab: Paralysed         |       |     1 |       |     3 |       |       |     2 |       |    12 ||    18
       Sleeping          |       |       |     1 |     4 |     2 |     2 |       |       |    49 ||    58
       Confused          |       |       |     3 |     2 |     9 |     8 |     2 |    13 |    58 ||    95
       Distracted        |       |       |       |     4 |     6 |     3 |     6 |     4 |    81 ||   104
       Petrified         |       |       |       |       |    10 |     2 |       |       |       ||    12
       Invisible         |       |       |       |       |    16 |    13 |    11 |     2 |    38 ||    80
       Petrifying        |       |       |       |       |       |     1 |     1 |     2 |       ||     4
       Betrayed ally     |       |       |       |       |       |       |       |     1 |       ||     1
       Held in net/web   |       |       |       |       |       |       |       |       |    15 ||    15
  Eat: Chunk             |     1 |     8 |    12 |    28 |    38 |    42 |    53 |    27 |    69 ||   278
       Royal jelly       |       |       |     4 |     2 |     1 |     1 |     3 |     4 |    27 ||    42
       Fruit             |       |       |       |       |       |     1 |     2 |       |     6 ||     9
       Meat ration       |       |       |       |       |       |       |       |       |     7 ||     7
       Bread ration      |       |       |       |       |       |       |       |       |     4 ||     4
Armor: Leather armour    |    44 |    99 |   125 |    60 |       |       |       |       |       ||   328
       Robe              |       |       |       |   114 |       |       |       |       |       ||   114
       Skin              |       |       |       |    27 |       |       |       |       |       ||    27
       Ring mail         |       |       |       |    26 |    81 |       |       |       |       ||   107
       Acid dragon scale |       |       |       |       |   148 |   405 |    54 |    20 |       ||   627
       Chain mail        |       |       |       |       |       |   186 |   504 |       |       ||   690
       Pearl dragon scal |       |       |       |       |       |       |       |   331 |  1624 ||  1955
Dodge: Dodged            |    41 |   128 |   175 |   590 |   696 |  1416 |  1308 |   999 |  5568 || 10921
       Deflected         |       |       |       |       |       |       |       |       |   113 ||   113
Block: Other             |       |       |       |    22 |   133 |   114 |       |       |       ||   269
       Buckler           |       |       |       |       |       |   466 |   594 |   539 |  3155 ||  4754
       Rpst.: Eveningstar |       |       |       |       |       |       |       |       |   748 ||   748
       Staff             |       |       |       |       |       |       |       |       |    15 ||    15
       Demon whip        |       |       |       |       |       |       |       |       |     3 ||     3
